 Dungeon Crawl Stone Soup version 0.30.0-29-ga12c61a403 (webtiles) character file.

Game seed: 2486278818024664127

16001519 suzumiya the Invulnerable (level 27, 188/199 HPs)
             Began as a Gargoyle Fighter on June 22, 2023.
             Was the Champion of the Shining One.
             Escaped with the Orb
             ... and 15 runes!
             The game lasted 05:23:15 (97813 turns).

suzumiya the Invulnerable (Gargoyle Fighter)       Turns: 97813, Time: 05:23:16

Health: 188/199    AC: 74    Str: 39    XL:     27
Magic:  43/43      EV: 22    Int: 13    God:    the Shining One [******]
Gold:   15773      SH: 29    Dex: 16    Spells: 30/58 levels left

rFire   + + .        D - +8 sacred scourge (holy)
rCold   + . .        T - +4 tower shield {reflect}
rNeg    + + +        O - +8 gold dragon scales
rPois   ∞            r - +1 helmet of Foolhardiness {+Inv rF+ rC- Regen+}
rElec   +            y - +2 cloak {Will+}
rCorr   .            k - +2 pair of gloves {Str+3}
SInv    .            M - +3 pair of seven-league boots {Rampage+∞}
Will    +++..        U - amulet of Kedeby {Acrobat rN+ Regen+ Str+2} Stlth
                     X - ring of Cume {rElec rC+ Str+6}
HPRegen 2.13/turn    K - ring "Disureu" {Contam rPois Dex+5 Slay+4 Stlth+}
MPRegen 0.28/turn

%: reflection, acrobat, clarity, rampage+∞
@: flying, glowing, studying Polearms
A: sickness immunity, AC +20, big wings, negative energy resistance 1,
electricity resistance, torment resistance 1, petrification resistance,
iridescent scales 1, clarity, inability to drink after injury 1
0: Orb of Zot
}: 15/15 runes: serpentine, barnacled, slimy, silver, golden, iron, obsidian,
icy, bone, abyssal, demonic, glowing, magical, fiery, dark
a: Renounce Religion, Evoke Invisibility, Divine Shield, Cleansing Flame, Summon
Divine Warrior, Brand Weapon With Holy Wrath


You escaped.
You worshipped the Shining One.
The Shining One was exalted by your worship.
You visited 18 branches of the dungeon, and saw 86 of its levels.
You visited Pandemonium 1 time, and saw 18 of its levels.
You visited the Abyss 2 times.
You also visited: Gauntlet, Volcano and Wizlab.

You collected 20725 gold pieces.
You spent 4952 gold pieces at shops.

Inventory:

Hand Weapons
 A - the +13 sceptre of Asmodeus
   (You took it off Asmodeus on level 7 of Gehenna)

   Fire Summon: It may summon demons of flame and damnation when striking foes.
   The Shining One disapproves of the use of such an item.
 D - a +8 sacred scourge of holy wrath (weapon)
 F - the +6 sword of Cerebov {flame}
   (You took it off Cerebov in Pandemonium)

   The Shining One disapproves of the use of such an item.
 L - the +11 morningstar of Conflict {antimagic, Dex+2}
   (You found it on level 7 of Gehenna)

   Dex:       It affects your dexterity (+2).
 Z - a +9 eveningstar of freezing
Missiles
 v - 3 javelins
 E - a silver javelin (quivered)
Armour
 b - a +2 hat of intelligence
 k - a +2 pair of gloves of strength (worn)
 n - the +18 shield of the Gong {Loud rN+ Will+ rCorr EV-5}
   (You acquired it on level 5 of the Vaults)

   Loud:      It is deafeningly noisy when blocking attacks.
   EV:        It affects your evasion (-5).
   rN:        It protects you from negative energy.
   rCorr:     It protects you from acid and corrosion.
   Will:      It increases your willpower.
 r - the +1 helmet of Foolhardiness (worn) {+Inv rF+ rC- Regen+}
   (You found it on level 5 of the Pits of Slime)

   rF:        It protects you from fire.
   rC:        It makes you vulnerable to cold.
   +Inv:      It lets you turn invisible.
   Regen:     It increases your rate of health regeneration.
 y - a +2 cloak of willpower (worn)
 M - the +3 pair of seven-league boots (worn) {Rampage+∞}
   (You found it in a Gauntlet)

   Rampage+∞: When moving toward enemies, its wearer moves as far as possible,
   alerting their target en route.
 O - +8 gold dragon scales (worn)
 P - +3 storm dragon scales {Bai Suzhen}
 T - a +4 tower shield of reflection (worn)
 Y - a +1 crystal plate armour
Jewellery
 g - a ring of protection from cold
 h - the ring of Dienuwne {rF+ Will+ Str+2}
   (You acquired it on level 5 of the Vaults)

   [ring of protection from fire]

   Str:       It affects your strength (+2).
   rF:        It protects you from fire.
   Will:      It increases your willpower.
 p - the ring "Pefudeumn" {rF+ Slay+4}
   (You took it off a demonspawn warmonger in Pandemonium)

   [ring of slaying]

   Slay:      It affects your accuracy & damage with ranged weapons and melee
   (+4).
   rF:        It protects you from fire.
 q - the amulet "Gerul" {rN+ Will- Regen+ Int+4}
   (You found it on level 3 of the Tomb of the Ancients)

   [amulet of regeneration]

   Int:       It affects your intelligence (+4).
   rN:        It protects you from negative energy.
   Regen:     It increases your rate of health regeneration.
   Will:      It decreases your willpower.
 J - a ring of protection from cold
 K - the ring "Disureu" (right hand) {Contam rPois Dex+5 Slay+4 Stlth+}
   (You found it on level 7 of Gehenna)

   [ring of slaying]

   Dex:       It affects your dexterity (+5).
   Slay:      It affects your accuracy & damage with ranged weapons and melee
   (+4).
   rPois:     It protects you from poison.
   Contam:    It causes magical contamination when unequipped.
   Stlth:     It makes you more stealthy.
 S - the ring of Loak {rElec rF+++ EV+5 Str-4 Int-3}
   (You found it on level 7 of Tartarus)

   [ring of evasion]

   EV:        It affects your evasion (+5).
   Str:       It affects your strength (-4).
   Int:       It affects your intelligence (-3).
   rF:        It renders you almost immune to fire.
   rElec:     It insulates you from electricity.
 U - the amulet of Kedeby (around neck) {Acrobat rN+ Regen+ Str+2}
   (You found it on level 7 of the Iron City of Dis)

   [amulet of the acrobat]

   It increases your evasion while moving and waiting.
   Str:       It affects your strength (+2).
   rN:        It protects you from negative energy.
   Regen:     It increases your rate of health regeneration.
 X - the ring of Cume (left hand) {rElec rC+ Str+6}
   (You found it on level 3 of the Depths)

   [ring of strength]

   Str:       It affects your strength (+6).
   rC:        It protects you from cold.
   rElec:     It insulates you from electricity.
Wands
 l - a wand of digging (47)
Scrolls
 a - 8 scrolls of brand weapon
 i - 8 scrolls of fear
 m - 13 scrolls of immolation
 s - 9 scrolls of poison
 t - 10 scrolls of blinking
 u - 23 scrolls of teleportation
 x - 12 scrolls of amnesia
 B - 4 scrolls of silence
 H - 8 scrolls of magic mapping
 N - 3 scrolls of summoning
 V - 14 scrolls of fog
Potions
 d - 8 potions of might
 e - 7 potions of berserk rage
 f - 14 potions of resistance
 j - 36 potions of curing
 o - 6 potions of heal wounds
 w - 13 potions of lignification
 z - 7 potions of ambrosia
 C - 4 potions of haste
 I - 4 potions of magic
 R - 6 potions of cancellation
Miscellaneous
 c - a figurine of a ziggurat


   Skills:
 O Level 27 Fighting
 O Level 27 Maces & Flails
 O Level 27 Armour
 O Level 27 Dodging
 - Level 15.5 Stealth
 O Level 27 Shields
 + Level 16.0 Spellcasting
 + Level 15.8 Conjurations
 + Level 6.6 Ice Magic
 - Level 14.4 Earth Magic
 O Level 27 Invocations


You had 30 spell levels left.
You knew the following spells:

 Your Spells              Type           Power      Damage    Failure   Level
a - Iron Shot             Conj/Erth      24%        9d5       7%          6
b - Ozocubu's Refrigerat  Ice            13%        4d10      100%        7
c - Hailstorm             Conj/Ice       39%        3d9       1%          3
d - Frozen Ramparts       Ice            54%        1d9       4%          3
e - Chain Lightning       Conj/Air       15%        3d20      100%        9

Your spell library contained the following spells:

 Spells                   Type           Power      Damage    Failure   Level
 Foxfire                  Conj/Fire      100%       2x1d9     1%          1
 Freeze                   Ice            100%       1d10      1%          1
 Kiss of Death            Conj/Necr      100%       2d13      1%          1
 Sandblast                Erth           94%        2d19      1%          1
 Shock                    Conj/Air       100%       1d9       1%          1
 Momentum Strike          Conj/Tloc      62%        3d9       1%          2
 Passwall                 Tmut/Erth      24%        N/A       1%          2
 Static Discharge         Conj/Air       62%        2-5/arc   1%          2
 Stone Arrow              Conj/Erth      98%        3d13      1%          3
 Iskenderun's Battlesphe  Conj           51%        2d10      1%          5
 Lee's Rapid Deconstruct  Erth           23%        3d13*     1%          5
 Dazzling Flash           Conj/Hex       62%        N/A       2%          3
 Ozocubu's Armour         Ice            27%        N/A       4%          3
 Mephitic Cloud           Conj/Pois/Air  24%        N/A       8%          3
 Ensorcelled Hibernation  Hex/Ice        38%        N/A       9%          2
 Iskenderun's Mystic Bla  Conj/Tloc      31%        2d8       9%          4
 Sticky Flame             Conj/Fire      31%        2d5       9%          4
 Animate Armour           Summ/Erth      58%        N/A       12%         4
 Leda's Liquefaction      Hex/Erth       14%        N/A       12%         4
 Petrify                  Tmut/Erth      29%        N/A       12%         4
 Apportation              Tloc           20%        N/A       22%         1
 Beastly Appendage        Tmut           20%        N/A       22%         1
 Necrotise                Necr           40%        1d6       22%         1
 Slow                     Hex            40%        N/A       22%         1
 Sting                    Tmut/Pois      40%        1d5       22%         1
 Summon Small Mammal      Summ           40%        N/A       22%         1
 Arcjolt                  Conj/Air       15%        1d25      24%         5
 Fireball                 Conj/Fire      15%        3d8       24%         5
 Irradiate                Conj/Tmut      15%        3d16      24%         5
 Freezing Cloud           Conj/Ice/Air   14%        6-21      28%         5
 Blink                    Tloc           20%        N/A       32%         2
 Call Imp                 Summ           20%        N/A       32%         2
 Lesser Beckoning         Tloc           20%        N/A       32%         2
 Poisonous Vapours        Pois/Air       20%        N/A       32%         2
 Wereblood                Tmut           10%        N/A       32%         2
 Borgnjor's Vile Clutch   Necr/Erth      14%        N/A       32%         5
 Ice Form                 Ice/Tmut       19%        N/A       50%         4
 Summon Ice Beast         Ice/Summ       19%        N/A       50%         4
 Call Canine Familiar     Summ           10%        N/A       54%         3
 Confusing Touch          Hex            10%        N/A       54%         3
 Gell's Gravitas          Tloc           10%        N/A       54%         3
 Ignite Poison            Fire/Tmut/Pois 10%        N/A       54%         3
 Inner Flame              Hex/Fire       10%        N/A       54%         3
 Portal Projectile        Hex/Tloc       20%        N/A       54%         3
 Spider Form              Tmut/Pois      10%        N/A       54%         3
 Summon Guardian Golem    Hex/Summ       10%        N/A       54%         3
 Swiftness                Air            10%        N/A       54%         3
 Teleport Other           Tloc           10%        N/A       54%         3
 Tukima's Dance           Hex            10%        N/A       54%         3
 Vampiric Draining        Necr           10%        2d6       54%         3
 Vhi's Electric Charge    Tloc/Air       20%        N/A       54%         3
 Volatile Blastmotes      Fire/Tloc      20%        2d11      54%         3
 Conjure Ball Lightning   Conj/Air       15%        3x3d6     78%         6
 Starburst                Conj/Fire      15%        6d6       78%         6
 Metabolic Englaciation   Hex/Ice        9%         N/A       85%         5
 Airstrike                Air            5%         2d(1-17)  91%         4
 Anguish                  Hex/Necr       5%         N/A       91%         4
 Animate Dead             Necr           10%        N/A       91%         4
 Cause Fear               Hex            5%         N/A       91%         4
 Dispel Undead            Necr           10%        3d9       91%         4
 Manifold Assault         Tloc           10%        N/A       91%         4
 Olgreb's Toxic Radiance  Pois           10%        N/A       91%         4
 Passage of Golubria      Tloc           10%        N/A       91%         4
 Summon Lightning Spire   Summ/Air       10%        N/A       91%         4
 Lehudib's Crystal Spear  Conj/Erth      24%        10d7      96%         8
 Agony                    Necr           10%        N/A       99%         5
 Alistair's Intoxication  Tmut/Pois      6%         N/A       99%         5
 Blade Hands              Tmut           5%         N/A       99%         5
 Silence                  Hex/Air        5%         N/A       99%         5
 Summon Forest            Summ/Tloc      5%         N/A       99%         5
 Summon Mana Viper        Hex/Summ       10%        N/A       99%         5
 Yara's Violent Unravell  Hex/Tmut       5%         3d4       99%         5
 Dispersal                Tloc           5%         N/A       100%        6
 Eringya's Noxious Bog    Tmut/Pois      5%         N/A       100%        6
 Plasma Beam              Fire/Air       5%         2x1d17    100%        6
 Simulacrum               Ice/Necr       9%         N/A       100%        6
 Summon Cactus Giant      Summ           5%         N/A       100%        6
 Dragon Form              Tmut           5%         N/A       100%        7
 Enfeeble                 Hex            5%         N/A       100%        7
 Haunt                    Necr/Summ      5%         N/A       100%        7
 Malign Gateway           Summ/Tloc      5%         N/A       100%        7
 Monstrous Menagerie      Summ           5%         N/A       100%        7
 Spellforged Servitor     Conj/Summ      15%        N/A       100%        7
 Storm Form               Tmut/Air       5%         N/A       100%        7
 Summon Hydra             Summ           5%         N/A       100%        7
 Borgnjor's Revivificati  Necr           5%         N/A       100%        8
 Discord                  Hex            5%         N/A       100%        8
 Disjunction              Tloc           5%         N/A       100%        8
 Ignition                 Fire           5%         3d4       100%        8
 Maxwell's Capacitive Co  Air            5%         ∞         100%        8
 Necromutation            Tmut/Necr      5%         N/A       100%        8
 Summon Horrible Things   Summ           5%         N/A       100%        8
 Death's Door             Necr           5%         N/A       100%        9
 Dragon's Call            Summ           5%         N/A       100%        9
 Fire Storm               Conj/Fire      15%        8d4       100%        9
 Shatter                  Erth           23%        3d20*     100%        9
 Cigotuvi's Dreadful Rot  Necr/Pois/Air  Unusable   N/A       N/A         2
 Sublimation of Blood     Necr           Unusable   N/A       N/A         2
 Statue Form              Tmut/Erth      Unusable   N/A       N/A         6

Dungeon Overview and Level Annotations

Branches:
Dungeon (15/15)            Temple (1/1) D:7            Lair (5/5) D:11
 Shoals (4/4) Lair:2        Snake (4/4) Lair:3        Slime (5/5) Lair:5
    Orc (2/2) D:11            Elf (3/3) Orc:2        Vaults (5/5) D:13
  Crypt (3/3) Vaults:3       Tomb (3/3) Crypt:3      Depths (4/4) D:15
   Hell (visited)             Dis (7/7) Hell            Geh (7/7) Hell
    Coc (7/7) Hell            Tar (7/7) Hell            Zot (5/5) Depths:4
Volcano (visited)          WizLab (visited)         Gauntlet (visited)

Altars:
Ashenzari
Cheibriados
Dithmenos
Elyvilon
Fedhas
Gozag
Hepliaklqana
Kikubaaqudgha
Makhleb
Nemelex Xobeh
Okawaru
Qazlal
Ru
Sif Muna
Trog
Uskayaw
Vehumet
Wu Jian
Xom
Yredelemnul
Zin
The Shining One
Jiyva

Shops:
D:4 *(?(   Orc:2 :(!:?   Elf:3 ?!!   Shoals:3 *   Snake:2 =[*[[   Depths:3 *

Portals:
Hell: Depths:1 Depths:2 Depths:3 Depths:4
Abyss: Lair:1 Depths:3 Depths:4
Pandemonium: Depths:2
Ziggurat: Depths:2


Innate Abilities, Weirdness & Mutations

You are immune to sickness and miasma.
Your stone body is resilient. (AC +20)
You are immune to poison.
Your large and strong wings let you fly.
You resist negative energy. (rN+)
You are resistant to electric shocks. (rElec)
You are resistant to unholy torment.
You are immune to petrification.
You are partially covered in iridescent scales. (AC +2)
You possess an exceptional clarity of mind.
You occasionally lose the ability to drink potions when taking damage.


Message History

You barely miss the sun demon. You block the sun demon's attack.
You thrash the sun demon!!
The sun demon convulses!!
The sun demon is almost dead.
You hit the sun demon but do no damage.
The sun demon is almost dead.
The sun demon closely misses you.
You thrash the sun demon!!
You kill the sun demon!
The Shining One accepts your kill.
You see here 7 stones.
Things that are here:
3 stones; a +0 short sword An Orb Guardian comes into view.
There is an open door here.
You block the Orb Guardian's attack. x2
You block the Orb Guardian's attack.
You punish the Orb Guardian, causing immense pain!!!
The Orb Guardian is severely wounded.
The Orb Guardian hits you!!
You thrash the Orb Guardian!!
The Orb Guardian is almost dead.
You whack the Orb Guardian!
You kill the Orb Guardian!
There is a staircase leading out of the dungeon here.
Really quaff the potion of mutation?
You feel extremely strange.
You no longer become unable to drink potions after taking damage.
Your skin no longer functions as natural camouflage.
You feel stupid.
You feel agile.
You feel a hidden potential growing inside you.
Really quaff the potion of mutation?
You feel extremely strange.
You feel clumsy.
You no longer feel a hidden potential within.
Your body's shape seems more normal.
Iridescent scales grow over part of your body.
You occasionally lose the ability to drink potions when taking damage.
Okay, then.
You can't go down here!
You have escaped!

...>....##...#...>...###.#'#..###
#######.##...#.......##..#.#..#.#
#######(##...#..#'#..#####.####.#
......#.#########.########.####.#
#####.#.#...............[.......#
# #.#...##.###########.######.# #
#.######.#....# ###'### #.# # #.#
#(#..#.# ##.....## #.# # #.#
#.'..@.# #.......# #.# # #.#
###..#.# #..###..# #.# # #.#
#....# ##.....## #.# # #.#
##################.# #.#######
#............#
#.......########.############
#######..........# ############


There were no monsters in sight!

Vanquished Creatures
  Cerebov (Pan)
  Antaeus (Coc:7)
  Asmodeus (Geh:7)
  the Royal Jelly (Slime:5)
  Gloorx Vloq (Pan)
  Ereshkigal (Tar:7)
  the Serpent of Hell (Coc:7)
  Lom Lobon (Pan)
  Mnoleg (Pan)
  Dispater (Dis:7)
  2 orbs of fire (Zot:5)
  4 dread liches
  9 ancient liches
  Mennas (Pan)
  14 royal mummies
  Josephina (Depths:3)
  Boris (twice) (Vaults:3 Tomb:2)
  2 Killer Klowns (Zot:5)
  Saint Roka (Vaults:4)
  Frederick (Depths:3)
  Bai Suzhen (Snake:4)
  Margery (Vaults:3)
  29 shard shrikes
  18 pandemonium lords
  22 caustic shrikes
  10 golden dragons
  Geryon (Hell)
  3 curse toes
  Jory (Depths:3)
  17 bone dragons
  Nikola (Vaults:3)
  21 profane servitors
  21 Tzitzimimeh
  19 Brimstone Fiends
  14 doom hounds
  2 spectral shard shrikes
  An electric golem (Zot:5)
  20 hellephants
  5 iron giants
  11 tentacled monstrosities
  23 tainted leviathans
  Mlioglotl (Shoals:4)
  Zenata (Vaults:3)
  12 liches
  25 Hell Sentinels
  28 Orb Guardians
  Grunn (Crypt:3)
  30 Ice Fiends
  A walking frostbound tome (Depths:4)
  2 deep elf master archers (Elf:3)
  12 titans
  5 quicksilver dragons
  20 searing wretches
  2 deep elf blademasters (Elf:3)
  An eldritch tentacle (Pan)
  14 sphinxes
  29 Executioners
  18 acid blobs
  13 death cobs
  A tentacled starspawn (Abyss:3)
  Kirke (Snake:1)
  33 ancient champions
  11 storm dragons
  4 tengu reavers
  11 rockslimes
  Roxanne (Shoals:1)
  13 shadow dragons
  9 draconian monks
  Donald (Orc:2)
  22 fire giants
  16 narguns
  19 quicksilver elementals
  5 revenants
  5 nagarajas (Snake:4)
  14 demonspawn warmongers
  10 iron dragons
  8 draconian knights
  8 azure jellies
  22 vault wardens
  17 frost giants
  8 shard shrike simulacra
  A caustic shrike zombie (Hell)
  2 angels (Pan)
  A spectral caustic shrike (Tar:4)
  5 ghouls
  2 orc warlords (Vaults:2)
  4 ghost moths
  5 deep elf elementalists (Elf:3)
  5 deep elf sorcerers
  13 draconian scorchers
  7 draconian shifters
  4 draconian stormcallers
  7 demonspawn corrupters (Pan)
  4 curse skulls
  35 balrugs
  29 cacodemons
  9 quicksilver oozes
  5 draconian annihilators
  35 reapers
  20 ironbound preservers
  A spriggan defender (Depths:1)
  12 stone giants
  33 very ugly things
  2 juggernaut skeletons
  8 vampire knights
  6 demonspawn blood saints (Pan)
  38 war gargoyles
  17 green draconians
  26 demonspawn black suns
  7 caustic shrike skeletons
  32 elemental wellsprings
  17 black draconians
  28 putrid mouths
  2 eleionomae (Shoals:1)
  6 bennus
  8 deep elf demonologists
  Nessos (Orc:2)
  22 red draconians
  16 wendigos
  12 ironbound thunderhulks
  28 lorocyprocas
  Azrael (Elf:2)
  15 purple draconians
  9 deep elf annihilators
  8 dire elephants (Vaults:2)
  A minotaur (Gauntlet)
  18 white draconians
  A spark wasp (Depths:3)
  15 yellow draconians
  An orange crystal statue (WizLab)
  Snorg (D:11)
  2 spectral titans
  12 eidola
  7 deep elf death magi
  16 green deaths
  29 iron golems
  35 blizzard demons
  2 crystal guardians (Depths:3)
  The ghost of nroviw the Arsonist, a journeyman DsFE of Gozag (D:11)
  10 ettins
  6 merfolk javelineers
  An elf zombie (Tomb:3)
  8 merfolk impalers
  22 mummy priests
  5 spectral spriggans
  12 fire dragons
  A spectral kraken (Tar:7)
  4 deep elf high priests
  3 spectral quicksilver dragons
  A spectral iron giant (Tar:4)
  14 great orbs of eyes
  Fannar (Lair:1)
  3 jiangshi
  A spectral fenstrider witch (Tar:1)
  Harold (D:9)
  44 vault guards
  13 yaktaur captains
  An elf skeleton (Crypt:3)
  5 rakshasas
  16 ice dragons
  An entropy weaver (Vaults:3)
  2 salamander tyrants (Geh:2)
  3 spriggan air magi
  5 juggernaut simulacra
  7 hell beasts
  11 hydras
  An Orb Guardian zombie (Crypt:1)
  5 ogre magi (Orc:2)
  16 boulder beetles
  5 catoblepae
  2 peacekeepers (Vaults:4)
  6 centaur warriors
  13 anacondas
  10 caustic shrike simulacra
  15 two-headed ogres
  2 alligator snapping turtles
  9 ironbound frosthearts
  2 merfolk avatars
  8 merfolk aquamancers
  4 satyrs
  9 stokers
  29 dancing weapons
  5 vampire magi
  7 deep troll shamans
  21 hell hogs
  2 titan zombies
  14 naga sharpshooters
  2 orc high priests
  5 tengu warriors
  2 deep troll earth magi (Depths:4)
  2 shock serpents (Snake:4)
  47 death scarabs
  3 spectral nagas
  A storm dragon zombie (D:15)
  101 sun demons
  14 naga warriors
  16 hell knights
  A titan skeleton (Crypt:3)
  Sonja (Orc:2)
  7 spriggan berserkers
  A spectral dire elephant (Tar:1)
  18 deep elf knights
  14 shadow wraiths
  2 spark wasp zombies
  53 soul eaters
  8 crystal echidnas
  5 iron trolls
  48 sixfirhies
  A spectral bunyip (Tar:1)
  7 skysharks
  Lodul (D:9)
  A spectral anaconda (Tar:1)
  33 sea snakes
  61 deep trolls
  The ghost of scisormetimb3rs the Zephyrmancer, a novice TeAE of Vehumet (Lair:1)
  4 quicksilver dragon simulacra
  55 large abominations
  5 spriggan simulacra
  A storm dragon skeleton (Pan)
  11 shadow demons (Pan)
  34 skeletal warriors
  6 flayed ghosts
  2 glowing orange brains (shapeshifter)
  6 naga ritualists
  8 phantasmal warriors
  3 bunyip skeletons
  A bog body (Crypt:1)
  4 glowing orange brains
  17 ironbound convokers
  2 obsidian statues
  3 anaconda skeletons
  A spectral iron dragon (Tar:4)
  17 wizards
  62 ugly things
  16 harpies
  21 deep elf pyromancers
  11 lindwurms
  12 deep elf archers
  2 frost giant zombies (Hell)
  13 necromancers
  10 orc knights
  A wolf spider (shapeshifter) (Vaults:5)
  28 deep elf zephyrmancers
  A harpy (shapeshifter) (D:11)
  A lindwurm (shapeshifter) (Vaults:4)
  3 orc sorcerers
  2 stone giant zombies (Hell)
  22 manticores
  2 spectral ettins
  5 salamanders
  11 cyclopes
  A shadow dragon skeleton (Hell)
  5 shining eyes
  10 mana vipers
  2 fire giant zombies (Hell)
  22 fauns
  2 spectral centaurs
  24 moths of wrath
  A sphinx skeleton (Crypt:1)
  A tengu skeleton (D:15)
  16 elephants
  10 merfolk sirens
  A spectral alligator snapping turtle (Tar:2)
  2 eyes of devastation (shapeshifter) (Vaults:5)
  24 naga magi
  6 titan simulacra
  31 black mambas
  8 ice statues
  22 vault sentinels
  A frost giant skeleton (D:15)
  5 rust devils
  69 smoke demons
  The ghost of seaoflcl the Shield-Bearer, a novice GnFi of Elyvilon (D:7)
  A toenail golem (D:8)
  A water nymph (shapeshifter) (Vaults:5)
  11 water nymphs
  7 guardian serpents
  A grey draconian zombie (Crypt:1)
  3 dire elephant skeletons
  2 eyes of devastation
  38 orange demons
  29 demonic crawlers
  9 gargoyles
  A storm dragon simulacrum (Coc:1)
  4 molten gargoyles (Hell)
  3 unseen horrors
  8 cane toads
  2 torpor snails
  An alligator snapping turtle zombie (Hell)
  35 hellions
  3 spectral swamp worms (Tar:7)
  49 yaktaurs
  An unseen horror (shapeshifter) (D:14)
  7 efreet
  6 rime drakes
  A steelbarb worm zombie (Crypt:2)
  A sea snake zombie (Hell)
  12 komodo dragons
  2 anaconda simulacra
  8 ice devils
  An alligator snapping turtle skeleton (Pan)
  6 centaur skeletons
  An iron giant simulacrum (Coc:6)
  7 freezing wraiths
  2 rime drakes (shapeshifter)
  2 tengu conjurers
  7 red devils
  40 tormentors
  A komodo dragon (shapeshifter) (D:14)
  20 merfolk
  A queen bee (shapeshifter) (Depths:1)
  A silent spectre (Tar:5)
  2 spectral harpies
  3 harpy zombies
  13 trolls
  47 guardian mummies
  20 hellwings (Pan)
  2 polar bears
  A sphinx simulacrum (Depths:3)
  7 wind drakes
  6 hornets
  5 raiju
  A tarantella (shapeshifter) (Depths:4)
  6 dream sheep
  5 harpy skeletons
  An ettin zombie (Hell)
  4 spriggan zombies
  14 blink frogs
  10 snapping turtles
  3 iron dragon simulacra
  A jumping spider (shapeshifter) (Depths:2)
  7 air elementals
  A stone giant simulacrum (Coc:2)
  5 dire elephant simulacra
  A culicivora (Vaults:3)
  3 ettin skeletons
  20 flying skulls
  6 shadows
  6 alligator skeletons
  5 centaur simulacra
  92 slime creatures
  4 spriggans
  16 ushabtiu
  27 water elementals
  8 wraiths
  43 ynoxinuls
  4 wyverns
  7 basilisks
  A black mamba skeleton (Pan)
  38 yaks
  9 fire elementals
  8 golden eyes
  A skyshark zombie (Crypt:1)
  An alligator snapping turtle simulacrum (Coc:2)
  2 redbacks (Vaults:3)
  A redback simulacrum (D:15)
  39 chaos spawn
  6 steam dragons
  19 vampire mosquitoes
  38 neqoxecs (Pan)
  7 wargs
  39 nagas
  A demonspawn zombie (Crypt:3)
  An acid dragon (D:12)
  12 harpy simulacra
  A tengu zombie (Hell)
  5 hell hounds
  11 water moccasins
  A demonspawn skeleton (Crypt:3)
  4 hydra simulacra
  3 floating eyes
  2 human skeletons
  32 orc warriors
  An alligator simulacrum (Hell)
  A manticore zombie (Crypt:2)
  35 ogres
  2 black bears
  5 boggarts (Vaults:2)
  2 ettin simulacra
  15 wolves
  15 centaurs
  3 kobold brigands
  2 phantoms
  A fire crab zombie (Crypt:1)
  4 necrophages
  2 rime drake skeletons
  8 bullfrogs
  5 earth elementals
  2 naga simulacra (Coc:7)
  A water moccasin zombie (Crypt:2)
  2 small abominations (Abyss:4)
  A yak zombie (Crypt:1)
  19 wights (Crypt:3)
  4 killer bees (D:9)
  A warg skeleton (Crypt:1)
  9 spriggan skeletons
  3 howler monkeys
  3 troll skeletons (Volcano)
  5 electric eels
  A bullfrog zombie (Crypt:3)
  3 human zombies
  16 jellies
  2 gnoll boudas (D:9)
  14 orc priests
  A hound (D:3)
  A sleepcap (D:5)
  18 orc wizards
  2 iguanas
  5 hell rats (Lair:5)
  A boggart skeleton (Crypt:1)
  An acid dragon zombie (Crypt:2)
  3 naga zombies
  5 naga skeletons
  A hound skeleton (Crypt:1)
  39 mummies
  7 adders
  11 gnolls
  2 shadow imps
  A white imp (D:7)
  2 worms
  A dart slug (D:4)
  72 orcs
  15 bats
  9 endoplasms
  2 giant cockroaches
  8 goblins
  9 hobgoblins
  15 kobolds
  2 quokkas (D:2)
  5 ball pythons
  A ball python skeleton (Crypt:3)
  7 frilled lizards
  A jackal skeleton (Crypt:3)
  4 ball lightnings (Pan)
  5 creeping infernos
  29 fire vortices
  2 tentacles (Tar:7)
4437 creatures vanquished.

Vanquished Creatures (collateral kills)
  A shard shrike (Coc:7)
  A doom hound (Tar:6)
  A bone dragon (Tar:6)
  A Tzitzimitl (Tar:6)
  An electric golem (Zot:5)
  A storm dragon (Zot:5)
  A quicksilver elemental (Dis:7)
  2 reapers (Tar:6)
  A white draconian (Zot:5)
  An orc knight (Orc:1)
  A tormentor (Tar:6)
  3 orc warriors (Orc:1)
  An orc wizard (Orc:1)
  3 orcs (Orc:1)
19 creatures vanquished.

Vanquished Creatures (others)
  An eldritch tentacle (Pan)
  A deep elf elementalist (Elf:3)
  A demonspawn blood saint (Pan)
  An elemental wellspring (Coc:3)
  A wendigo (Coc:1)
  2 green deaths (Pan)
  3 caustic shrike simulacra
  2 juggernaut simulacra
  A stoker (Geh:4)
  2 deep elf knights (Elf:2)
  2 soul eaters (Pan)
  A sun demon (Pan)
  A salamander mystic (Snake:3)
  A quicksilver dragon simulacrum (Coc:7)
  A glowing orange brain (Pan)
  A spriggan simulacrum (Coc:5)
  A deep elf zephyrmancer (Elf:1)
  A moth of wrath (Zot:2)
  A naga mage (Snake:4)
  2 smoke demons (Pan)
  A titan simulacrum (Coc:4)
  An orange demon (Pan)
  A hellion (Coc:4)
  An iron giant simulacrum (Coc:7)
  A golden dragon simulacrum (Coc:7)
  A stone giant simulacrum (Coc:4)
  2 dire elephant simulacra
  3 humans (Snake:1)
  A chaos spawn (Pan)
  A neqoxec (Pan)
  2 harpy simulacra (Coc:1)
  An ettin simulacrum (Coc:5)
  A naga simulacrum (Coc:5)
  13 ball lightnings (Pan)
  2 creeping infernos
  A fire vortex (Geh:7)
  2 tentacles (Tar:7)
62 creatures vanquished.

Grand Total: 4518 creatures vanquished

Notes
Turn   | Place    | Note
-------+----------+-------------------------------------------
     0 | D:1      | suzumiya the Gargoyle Fighter began the quest for the Orb.
     0 | D:1      | Reached XP level 1. HP: 14/14 MP: 1/1
   284 | D:1      | Reached XP level 2. HP: 19/19 MP: 2/2
   549 | D:1      | Reached XP level 3. HP: 24/24 MP: 3/3
  1418 | D:2      | Reached XP level 4. HP: 29/29 MP: 4/4
  1648 | D:3      | Found a blossoming altar of Fedhas.
  1650 | D:3      | Found a snail-covered altar of Cheibriados.
  1650 | D:3      | Found a shimmering altar of Xom.
  1652 | D:3      | Found a white marble altar of Elyvilon.
  1652 | D:3      | Found a hide-covered altar of Uskayaw.
  1652 | D:3      | Found an opulent altar of Gozag.
  1771 | D:3      | Found a blossoming altar of Fedhas.
  1884 | D:3      | Found a broken altar of Ashenzari.
  2344 | D:4      | Found a stormy altar of Qazlal.
  2435 | D:4      | Reached XP level 5. HP: 34/34 MP: 5/5
  2466 | D:4      | Found a shimmering blue altar of Sif Muna.
  2492 | D:4      | Found Utsetop's Weapon Boutique.
  2542 | D:4      | Found Lewomm's Antique Weapon Shop.
  2600 | D:4      | Noticed a black bear
  2607 | D:4      | Killed a black bear
  2608 | D:4      | Reached skill level 5 in Maces & Flails
  2608 | D:4      | Reached XP level 6. HP: 40/40 MP: 6/6
  2668 | D:4      | Reached skill level 5 in Fighting
  2784 | D:4      | Found Urasag's General Store.
  2792 | D:4      | Bought a scroll of identify for 26 gold pieces
  2850 | D:4      | Found Riochom's Magic Scroll Boutique.
  2916 | D:4      | Found a sparkling altar of Nemelex Xobeh.
  2965 | D:5      | Entered Level 5 of the Dungeon
  3068 | D:5      | Reached XP level 7. HP: 44/44 MP: 7/7
  3151 | D:5      | Found an opulent altar of Gozag.
  3914 | D:6      | Reached XP level 8. HP: 12/52 MP: 8/8
  4380 | D:7      | Found a white marble altar of Elyvilon.
  4394 | D:7      | Noticed a hornet
  4418 | D:7      | Killed a hornet
  4558 | D:7      | Found a staircase to the Ecumenical Temple.
  4584 | Temple   | Entered the Ecumenical Temple
  4602 | Temple   | Became a worshipper of the Shining One
  4701 | D:7      | Found a runed translucent door.
  4705 | D:7      | Found a shimmering altar of Xom.
  4705 | D:7      | Noticed seaoflcl's ghost (novice GnFi)
  4706 | D:7      | Noticed a +4 trident of chaos
  6261 | D:9      | Reached XP level 9. HP: 42/58 MP: 9/9
  6530 | D:9      | Found an iron altar of Okawaru.
  6543 | D:9      | Noticed a hornet
  6557 | D:9      | Killed a hornet
  6796 | D:9      | Reached skill level 10 in Maces & Flails
  7190 | D:9      | Found a shadowy altar of Dithmenos.
  7200 | D:9      | Noticed Harold
  7219 | D:9      | Killed Harold
  7429 | D:10     | Entered Level 10 of the Dungeon
  7443 | D:10     | Noticed Lodul
  7597 | D:9      | Killed Lodul
  7598 | D:9      | Reached XP level 10. HP: 22/66 MP: 10/10
  7752 | D:10     | Noticed a two-headed ogre
  7907 | D:10     | Reached * piety under the Shining One
  8100 | D:10     | Found a glowing silver altar of Zin.
  8344 | D:10     | Killed a two-headed ogre
  8345 | D:10     | Reached skill level 10 in Fighting
  9031 | D:4      | Bought a runed mace for 138 gold pieces
  9042 | D:4      | Bought a scroll of fear for 56 gold pieces
  9042 | D:4      | Bought a scroll of magic mapping for 105 gold pieces
  9042 | D:4      | Bought 3 scrolls of identify for 84 gold pieces
  9042 | D:4      | Bought a scroll of identify for 28 gold pieces
  9259 | D:11     | Found a runed translucent gate.
  9259 | D:11     | Found a runed translucent gate.
  9259 | D:11     | Found a runed translucent gate.
  9259 | D:11     | Noticed nroviw's ghost (journeyman DsFE)
  9448 | D:11     | Noticed a cyclops
  9465 | D:11     | Killed a cyclops
  9478 | D:11     | Noticed a two-headed ogre
  9500 | D:11     | Killed a two-headed ogre
  9501 | D:11     | Reached XP level 11. HP: 12/74 MP: 11/11
  9703 | D:11     | Found a staircase to the Orcish Mines.
  9709 | D:11     | Found a staircase to the Lair.
  9719 | D:11     | Noticed a two-headed ogre
  9720 | D:11     | Noticed a cyclops
  9732 | D:11     | Noticed a boulder beetle
  9732 | D:11     | Noticed a cyclops
  9733 | D:11     | Noticed a boulder beetle
  9779 | D:10     | Killed a boulder beetle
  9969 | D:11     | Noticed Snorg
 10034 | D:11     | Killed a cyclops
 10365 | D:11     | Killed Snorg
 10376 | D:11     | Killed a boulder beetle
 10463 | D:11     | Reached ** piety under the Shining One
 10466 | D:11     | Noticed a cyclops
 10653 | D:11     | Noticed a tengu warrior
 10660 | D:11     | Killed a cyclops
 10665 | D:11     | Reached skill level 5 in Armour
 10665 | D:11     | Reached skill level 5 in Shields
 10679 | D:11     | Noticed a harpy
 10689 | D:11     | Killed a tengu warrior
 10705 | D:11     | Killed a cyclops
 10711 | D:11     | Killed a harpy
 10733 | D:11     | Noticed a cyclops
 10942 | D:11     | Reached XP level 12. HP: 80/82 MP: 12/12
 11057 | D:11     | Noticed a two-headed ogre
 11107 | D:10     | Killed a two-headed ogre
 11114 | D:10     | Killed a two-headed ogre
 11624 | Lair:1   | Entered Level 1 of the Lair of Beasts
 11944 | Lair:1   | Found a transporter.
 12398 | Lair:1   | Found a one-way gate to the infinite horrors of the Abyss.
 12398 | Lair:1   | Noticed scisormetimb3rs's ghost (novice TeAE)
 12573 | Lair:1   | Found a transporter.
 12776 | Lair:2   | Found a gate leading to a gauntlet.
 12784 | Gauntlet | Entered a Gauntlet
 12784 | Gauntlet | Found a transporter.
 12835 | Gauntlet | Found a transporter.
 12837 | Gauntlet | Found a transporter.
 12848 | Gauntlet | Found a transporter.
 12851 | Gauntlet | Found a transporter.
 12859 | Gauntlet | Found the +2 hood of the Assassin {Detect Stab+ Stlth++}
 12861 | Gauntlet | Found a transporter.
 12875 | Gauntlet | Reached *** piety under the Shining One
 12876 | Gauntlet | Found a transporter.
 12889 | Gauntlet | Found a transporter.
 12901 | Gauntlet | Found a transporter.
 12903 | Gauntlet | Found the +3 pair of seven-league boots {Rampage+∞}
 12906 | Gauntlet | Found a transporter.
 12923 | Gauntlet | Noticed a catoblepas
 12935 | Gauntlet | Found a transporter.
 12937 | Gauntlet | Found a transporter.
 12987 | Gauntlet | Found a transporter.
 12988 | Gauntlet | Found a transporter.
 13388 | Gauntlet | Killed a catoblepas
 13389 | Gauntlet | Reached XP level 13. HP: 89/89 MP: 11/13
 13449 | Gauntlet | Reached **** piety under the Shining One
 13542 | Gauntlet | Identified the ring of Foolhardiness {rCorr Slay+2}
 13542 | Gauntlet | Noticed a minotaur
 13550 | Gauntlet | Killed a minotaur
 13691 | Lair:2   | Found a staircase to the Shoals.
 13691 | Lair:2   | Noticed Fannar
 13815 | Lair:1   | Killed Fannar
 14104 | Lair:2   | Reached skill level 10 in Armour
 14106 | Lair:2   | Reached skill level 10 in Shields
 14366 | Lair:2   | Identified the +2 ring mail "Leso" {-Tele rElec rN+++ MP+9}
 14479 | Lair:2   | Reached skill level 1 in Invocations
 15009 | Lair:3   | Identified the +7 rapier "Jyameahi" {heavy, rF+ rC+ Stlth+}
 15222 | D:4      | Bought an amulet of regeneration for 390 gold pieces
 15222 | D:4      | Bought a scroll of fog for 52 gold pieces
 15222 | D:4      | Bought a potion of might for 52 gold pieces
 15222 | D:4      | Bought a scroll of enchant weapon for 97 gold pieces
 15636 | Lair:3   | Found a staircase to the Snake Pit.
 16140 | Lair:4   | Reached skill level 15 in Fighting
 16491 | Lair:4   | Gained mutation: Your large and strong wings let you fly.
                  | [Gargoyle growth]
 16491 | Lair:4   | Reached XP level 14. HP: 92/98 MP: 17/17
 16509 | Lair:4   | Reached skill level 5 in Invocations
 16763 | Lair:4   | Found a transporter.
 16765 | Lair:4   | Found a transporter.
 17083 | Lair:5   | Entered Level 5 of the Lair of Beasts
 17276 | Lair:5   | Found a staircase to the Slime Pits.
 17359 | Lair:5   | Reached ***** piety under the Shining One
 19109 | D:13     | You are sucked into a shaft and drop 2 floors!
 19109 | D:15     | Entered Level 15 of the Dungeon
 19438 | D:13     | Found a gate to the Vaults.
 19483 | D:13     | Reached skill level 10 in Invocations
 19501 | D:13     | Reached XP level 15. HP: 84/103 MP: 20/22
 20355 | D:13     | Identified the +0 scale mail "Esoqy" {Dex+3}
 20605 | D:14     | Reached ****** piety under the Shining One
 20638 | D:14     | Reached skill level 15 in Shields
 21498 | Orc:1    | Entered Level 1 of the Orcish Mines
 21575 | Orc:1    | Found a dark tunnel.
 21620 | Volcano  | Entered a volcano
 22808 | Orc:2    | Entered Level 2 of the Orcish Mines
 22810 | Orc:2    | Noticed Donald
 22842 | Orc:2    | Killed Donald
 23002 | Orc:2    | Found a staircase to the Elven Halls.
 23036 | Orc:2    | Reached XP level 16. HP: 106/110 MP: 25/25
 23072 | Orc:2    | Noticed Sonja
 23088 | Orc:2    | Killed Sonja
 23154 | Orc:2    | Found Risam's Antique Weapon Shop.
 23154 | Orc:2    | Found Fuawn's Book Shoppe.
 23155 | Orc:2    | Found Azolecko's Book Emporium.
 23155 | Orc:2    | Found Gug Syuf's Distillery.
 23160 | Orc:2    | Noticed Nessos
 23172 | Orc:2    | Killed Nessos
 23179 | Orc:2    | Bought a potion of berserk rage for 65 gold pieces
 23181 | Orc:2    | Bought a potion of mutation for 104 gold pieces
 23296 | Orc:2    | Found a radiant altar of Vehumet.
 23416 | Orc:2    | Found Mevynk's Magic Scroll Emporium.
 23702 | Orc:2    | Bought a glowing morningstar for 210 gold pieces
 24376 | D:15     | Identified the +2 pair of gloves of a bailey {-Tele Will++
                  | Int+5}
 24429 | D:15     | Found a staircase to the Depths.
 24844 | Snake:1  | Entered Level 1 of the Snake Pit
 24944 | Snake:1  | Noticed Kirke
 24959 | Snake:1  | Killed Kirke
 25780 | Snake:2  | Reached XP level 17. HP: 107/117 MP: 26/26
 25812 | Snake:2  | Found Geacvaca's Antique Armour Emporium.
 26050 | Snake:2  | Found Imeriroq's Assorted Antiques.
 26050 | Snake:2  | Found Lopakh's Antique Armour Emporium.
 26051 | Snake:2  | Found Posim's Armour Shoppe.
 26051 | Snake:2  | Found Vuat Waigy's Jewellery Emporium.
 27441 | Snake:3  | Reached skill level 15 in Maces & Flails
 27914 | Snake:4  | Entered Level 4 of the Snake Pit
 27947 | Snake:4  | Identified the +5 flail of the Sea {protect, *Corrode Str+2
                  | Dex+3}
 28269 | Snake:4  | Noticed Bai Suzhen
 28278 | Snake:4  | Reached XP level 18. HP: 105/126 MP: 9/27
 28297 | Snake:4  | Killed Bai Suzhen
 28911 | Snake:4  | Got a serpentine rune of Zot
 29337 | Elf:1    | Entered Level 1 of the Elven Halls
 29360 | Elf:1    | Found a radiant altar of Vehumet.
 30424 | Elf:2    | Paralysed by an air elemental for 1 turns
 30432 | Elf:2    | Paralysed by an air elemental for 1 turns
 30440 | Elf:2    | Paralysed by an air elemental for 1 turns
 30672 | Elf:2    | Reached skill level 15 in Armour
 30982 | Elf:2    | Paralysed by an air elemental for 1 turns
 31061 | Elf:2    | Found a runed translucent gate.
 31061 | Elf:2    | Found a runed translucent gate.
 31061 | Elf:2    | Found a runed translucent gate.
 31061 | Elf:2    | Noticed Azrael
 31074 | Elf:2    | Killed Azrael
 31442 | Elf:2    | Reached XP level 19. HP: 124/134 MP: 26/28
 31985 | Elf:3    | Entered Level 3 of the Elven Halls
 32105 | Elf:3    | Identified the +8 lajatang "Kaqulall" {speed, rCorr MP+9}
 32153 | Elf:3    | Identified the +5 quarterstaff of Discretion {heavy, *Noise
                  | MP+9 Str+3}
 32218 | Elf:3    | Identified the +10 longbow "Jaxuibli" {flame, rElec}
 32230 | Elf:3    | Identified the staff of fire "Zocakyl" {rPois rF+ rN+ Str-4
                  | Dex+3}
 32233 | Elf:3    | Identified the staff of cold "Ymeshem" {rF+ rC+ rCorr}
 32235 | Elf:3    | Identified the +4 great sword of Amorality {flame, Fly rC++
                  | rN+ Dex-2}
 32281 | Elf:3    | Found the +3 greatsling "Punk" {acid, rCorr}
 32323 | Elf:3    | Identified the staff of poison "Rahy" {+Blink rPois Int+3}
 32650 | Elf:3    | Found Vomapn's Distillery.
 32858 | Elf:3    | Found Lijo's Distillery.
 33183 | Elf:3    | Found Imas's Magic Scroll Shop.
 33186 | Elf:3    | Bought a scroll of brand weapon for 133 gold pieces
 33186 | Elf:3    | Bought a scroll of acquirement for 728 gold pieces
 33365 | Shoals:1 | Entered Level 1 of the Shoals
 33750 | Shoals:1 | Identified Roxanne's Quarto of the Shift
 33750 | Shoals:1 | Noticed Roxanne
 33895 | Shoals:1 | Reached XP level 20. HP: 140/140 MP: 30/30
 35223 | Shoals:3 | Reached skill level 15 in Invocations
 35512 | Shoals:3 | Found Qych's General Store.
 36016 | Shoals:4 | Entered Level 4 of the Shoals
 36358 | Shoals:4 | Got a barnacled rune of Zot
 36523 | Abyss:2  | Cast into level 2 of the Abyss (merfolk javelineer)
 36583 | Shoals:4 | Escaped the Abyss
 36595 | Shoals:4 | Noticed Mlioglotl
 36610 | Shoals:4 | Killed Mlioglotl
 37229 | Shoals:4 | Learned a level 6 spell: Iron Shot
 37459 | Vaults:1 | Entered Level 1 of the Vaults
 37563 | Vaults:1 | Found a magical portal.
 37574 | WizLab   | Entered Wucad Mu's Monastery
 37806 | WizLab   | Found the crystal ball of Wucad Mu {*channel}
 37866 | WizLab   | Reached XP level 21. HP: 146/146 MP: 33/33
 40243 | Vaults:2 | Reached XP level 22. HP: 152/152 MP: 35/35
 40913 | Vaults:3 | Noticed Zenata
 40931 | Vaults:3 | Killed Zenata
 41182 | Vaults:3 | Noticed Margery
 41191 | Vaults:3 | Killed Margery
 41222 | Vaults:3 | Noticed Boris
 41249 | Vaults:3 | Killed Boris
 41521 | Vaults:3 | Found a staircase to the Crypt.
 41832 | Vaults:3 | Noticed Nikola
 41850 | Vaults:3 | Killed Nikola
 42131 | Vaults:4 | Reached XP level 23. HP: 160/160 MP: 37/37
 42449 | Vaults:4 | Found a transporter.
 42451 | Vaults:4 | Noticed Saint Roka
 42481 | Vaults:4 | Killed Saint Roka
 42624 | Vaults:4 | Reached XP level 24. HP: 168/168 MP: 37/37
 42678 | Vaults:4 | Reached skill level 1 in Spellcasting
 42678 | Vaults:4 | Reached skill level 1 in Conjurations
 43031 | Vaults:4 | Identified the ring of Utri {Fly rPois rF+ rN+ Int-4}
 43044 | Vaults:4 | Found a transporter.
 43317 | D:7      | Killed seaoflcl's ghost
 43426 | D:11     | Killed nroviw's ghost
 43678 | Lair:1   | Killed scisormetimb3rs's ghost
 43935 | Shoals:1 | Killed Roxanne
 44222 | Depths:1 | Entered Level 1 of the Depths
 44250 | Depths:1 | Reached skill level 5 in Conjurations
 44400 | Depths:1 | Reached skill level 5 in Dodging
 44451 | Depths:1 | Reached skill level 5 in Spellcasting
 44594 | Depths:1 | Found a gateway to Hell.
 44985 | Depths:1 | Identified the +8 mace "Beonumn" {flame, Int+3}
 45534 | Depths:2 | Identified the +0 ring mail "Suah Amei" {rPois}
 45680 | Depths:2 | Paralysed by a floating eye for 3 turns
 45795 | Depths:2 | Reached skill level 10 in Conjurations
 45921 | Depths:2 | You are sucked into a shaft and drop 2 floors!
 45921 | Depths:4 | Entered Level 4 of the Depths
 46069 | Depths:3 | Identified the ring of the Furies {Ice rElec rPois rCorr
                  | Int-3}
 46069 | Depths:3 | Noticed Josephina
 46085 | Depths:3 | Killed Josephina
 46093 | Depths:3 | Found Loitiyt's General Store.
 46286 | Depths:3 | Noticed Jory
 46307 | Depths:3 | Killed Jory
 46381 | Depths:3 | Identified the +0 scale mail of the Clam {rF+ Regen+ MP+9
                  | Dex+4}
 46410 | Depths:3 | Reached skill level 10 in Spellcasting
 46652 | Depths:3 | Paralysed by an air elemental for 1 turns
 46661 | Depths:3 | Reached XP level 25. HP: 159/173 MP: 37/37
 46789 | Depths:3 | Noticed an ancient lich
 46794 | Depths:3 | Killed an ancient lich
 46804 | Depths:3 | Identified the +0 great sword of Faij Soc {venom, Str+2}
 46806 | Depths:3 | Identified the ring of Cume {rElec rC+ Str+6}
 47390 | Depths:4 | Found a gate to the Realm of Zot.
 47839 | Depths:3 | Noticed Frederick
 47850 | Depths:3 | Killed Frederick
 47960 | Depths:2 | Found a one-way gate leading to the halls of Pandemonium.
 48103 | Depths:2 | Found a one-way gateway to a ziggurat.
 49055 | Vaults:4 | Learned a level 7 spell: Ozocubu's Refrigeration
 49129 | Crypt:1  | Entered Level 1 of the Crypt
 49157 | Crypt:1  | Reached skill level 10 in Dodging
 49157 | Crypt:1  | Reached skill level 1 in Earth Magic
 49550 | Crypt:1  | Reached skill level 5 in Earth Magic
 50379 | Crypt:3  | Entered Level 3 of the Crypt
 50681 | Crypt:3  | Noticed an ancient lich
 50696 | Crypt:3  | Killed an ancient lich
 50697 | Crypt:3  | Reached XP level 26. HP: 179/179 MP: 39/39
 50770 | Crypt:3  | Noticed Grunn
 50791 | Crypt:3  | Reached skill level 10 in Earth Magic
 50798 | Crypt:3  | Killed Grunn
 51009 | Crypt:3  | Found an ancient bone altar of Kikubaaqudgha.
 51084 | Crypt:3  | Identified the +9 plate armour of Bionust {Rampage rN+}
 51277 | Crypt:3  | Found a staircase to the Tomb.
 51471 | Crypt:3  | Identified the +9 whip of Pogufaed {pain, rN+ rCorr Dex+3}
 51566 | Crypt:3  | Got Mnoleg's Tractate on Creation and Movement
 51570 | Crypt:3  | Identified the +1 whip "Cookie Cutter" {pain, Int+6}
 51571 | Crypt:3  | Identified the +4 great mace of the Butterfly {elec, Will+
                  | Dex-4 Stlth+}
 51590 | Crypt:3  | Identified the +8 scale mail of the Dozen Deaths {Drain rN+
                  | Will+}
 51592 | Crypt:3  | Identified the staff of poison "Varro" {*Slow rPois rN+
                  | Str+3 Int+2}
 52092 | Slime:1  | Entered Level 1 of the Pits of Slime
 52119 | Slime:1  | You are sucked into a shaft and drop 1 floor!
 53266 | Slime:4  | Found a viscous altar of Jiyva.
 53810 | Slime:5  | Entered Level 5 of the Pits of Slime
 53836 | Slime:5  | Gained mutation: You occasionally lose the ability to drink
                  | potions when taking damage. [a shining eye]
 53916 | Slime:5  | Noticed the Royal Jelly
 53933 | Slime:5  | Killed the Royal Jelly
 53945 | Slime:5  | Gained mutation: You are occasionally teleported next to
                  | monsters. [a shining eye]
 53987 | Slime:5  | Gained mutation: You occasionally shout uncontrollably at
                  | your foes. [a shining eye]
 54195 | Slime:5  | Identified the +0 war axe of Hicabio {chaos, rF+ rC+ SInv
                  | Stlth+}
 54209 | Slime:5  | Got the Spellbook of Force
 54214 | Slime:5  | Identified the +1 helmet of Foolhardiness {+Inv rF+ rC-
                  | Regen+}
 54230 | Slime:5  | Identified the staff of conjuration "Totwic" {Will+ Str+3}
 54231 | Slime:5  | Identified the ring of Spite {Wiz rElec rPois SInv}
 54247 | Slime:5  | Identified the +10 dagger "Cemuxank" {spect, Will+ Int+3
                  | Dex+3}
 54265 | Slime:5  | Identified the +6 mace "Lajerur" {freeze, rF+ rN+ Str-2
                  | Int+6}
 54296 | Slime:5  | Got a slimy rune of Zot
 55244 | Zot:1    | Entered Level 1 of the Realm of Zot
 55776 | Zot:1    | Paralysed by a floating eye for 2 turns
 55776 | Zot:1    | Noticed a dread lich
 55783 | Zot:1    | Paralysed by a floating eye for 2 turns
 55784 | Zot:1    | Noticed a dread lich
 55787 | Zot:1    | Killed a dread lich
 55787 | Zot:1    | Killed a dread lich
 55788 | Zot:1    | Paralysed by a sphinx for 3 turns
 55797 | Zot:1    | Noticed a dread lich
 55804 | Zot:1    | Killed a dread lich
 55805 | Zot:1    | Reached XP level 27. HP: 168/186 MP: 39/39
 59579 | Zot:5    | Entered Level 5 of the Realm of Zot
 59934 | Zot:5    | Noticed an orb of fire
 59936 | Zot:5    | Noticed an ancient lich
 59939 | Zot:5    | Gained mutation: You are partially covered in iridescent
                  | scales. (AC +2) [an orb of fire]
 59942 | Zot:5    | Gained mutation: You have large cloven feet. [an orb of
                  | fire]
 59943 | Zot:5    | Noticed a dread lich
 59945 | Zot:5    | Gained mutation: You have hidden genetic defects. [an orb
                  | of fire]
 59954 | Zot:5    | Noticed an ancient lich
 59954 | Zot:5    | Gained mutation: Your natural rate of healing is unusually
                  | fast. [an orb of fire]
 59955 | Zot:5    | Killed a dread lich
 59955 | Zot:5    | Gained mutation: You are agile. (Dex +4, Str/Int -1) [an
                  | orb of fire]
 59957 | Zot:5    | Killed an orb of fire
 59958 | Zot:5    | Noticed an ancient lich
 59959 | Zot:5    | Noticed an ancient lich
 59959 | Zot:5    | Noticed an orb of fire
 59970 | Zot:5    | Gained mutation: Your magical capacity is low. (-10% MP)
                  | [an orb of fire]
 59975 | Zot:5    | Noticed an ancient lich
 60088 | Zot:5    | Killed an ancient lich
 60088 | Zot:5    | Killed an ancient lich
 60092 | Zot:5    | Gained mutation: Armour fits poorly on your strangely
                  | shaped body. [an orb of fire]
 60093 | Zot:5    | Killed an ancient lich
 60094 | Zot:5    | Gained mutation: You frequently scream uncontrollably at
                  | your foes. [hidden defects]
 60096 | Zot:5    | Gained mutation: You sometimes lose your temper in combat.
                  | [an orb of fire]
 60099 | Zot:5    | Gained mutation: You are weak. (Str -2) [an orb of fire]
 60105 | Zot:5    | Killed an orb of fire
 60110 | Zot:5    | Killed an ancient lich
 60235 | Zot:4    | Lost mutation: You are weak. (Str -2) [potion of mutation]
 60235 | Zot:4    | Lost mutation: You have hidden genetic defects. [potion of
                  | mutation]
 60235 | Zot:4    | Lost mutation: You sometimes lose your temper in combat.
                  | [potion of mutation]
 60235 | Zot:4    | Lost mutation: You occasionally lose the ability to drink
                  | potions when taking damage. [potion of mutation]
 60235 | Zot:4    | Gained mutation: You are very agile. (Dex +8, Str/Int -2)
                  | [potion of mutation]
 60236 | Zot:4    | Lost mutation: You are occasionally teleported next to
                  | monsters. [potion of mutation]
 60236 | Zot:4    | Lost mutation: You are partially covered in iridescent
                  | scales. (AC +2) [potion of mutation]
 60236 | Zot:4    | Lost mutation: You frequently scream uncontrollably at your
                  | foes. [potion of mutation]
 60236 | Zot:4    | Lost mutation: Your magical capacity is low. (-10% MP)
                  | [potion of mutation]
 60236 | Zot:4    | Lost mutation: You have large cloven feet. [potion of
                  | mutation]
 60285 | Zot:5    | Reached skill level 27 in Armour
 60620 | Zot:5    | Killed an ancient lich
 61320 | Vaults:5 | Entered Level 5 of the Vaults
 61850 | Vaults:5 | Identified the +10 plate armour of Pragmatism {*Slow rC+
                  | Dex+2}
 61977 | Vaults:5 | Identified the +4 halberd of Cecytox {elec, *Corrode Str+2
                  | Dex+3}
 62082 | Vaults:5 | Identified the staff of cold "Ecios" {rC+ Dex+3}
 62285 | Vaults:5 | Identified the ring "Uwkiutos" {Wiz Int+3}
 62312 | Vaults:5 | Identified the +0 kite shield of Honesty {Will++ Slay-3
                  | SInv Stlth+}
 62540 | Vaults:5 | Found the amulet of the Air {Inacc Air Fly rElec RMsl}
 62548 | Vaults:5 | Identified the +1 scale mail "Qirievvy" {Will- Str+4 Dex+9}
 62549 | Vaults:5 | Identified the staff of death "Ezimal" {rPois rN+ Will+
                  | SInv}
 62595 | Vaults:5 | Identified the +2 glaive of Instinct {elec, rC+ Int+2}
 62623 | Vaults:5 | Identified the staff of air "Qoimuhyrch" {rElec Will+}
 62633 | Vaults:5 | Identified the +5 spear of Midwinter {flame, Will+}
 62644 | Vaults:5 | Learned a level 3 spell: Hailstorm
 62654 | Vaults:5 | Identified the staff of poison "Kywn" {rPois Dex+3 Stlth+}
 62663 | Vaults:5 | Got the Lessons on the Throng and the Vector
 62804 | Vaults:5 | Got a silver rune of Zot
 62808 | Vaults:5 | Identified the +6 sling of Ru's Supremacy {heavy, rPois rF+
                  | rC+ Dex-5}
 63026 | Vaults:5 | Acquired the -1 pair of gloves "Eliuniol" {Contam Rampage
                  | Dex-3 Slay+5}
 63028 | Vaults:5 | Acquired the ring of Dienuwne {rF+ Will+ Str+2}
 63040 | Vaults:5 | Acquired 996 gold pieces
 63044 | Vaults:5 | Acquired the +18 shield of the Gong {Loud rN+ Will+ rCorr
                  | EV-5}
 63044 | Vaults:5 | Found the +18 shield of the Gong {Loud rN+ Will+ rCorr
                  | EV-5}
 63273 | Orc:2    | Bought a scroll of enchant armour for 112 gold pieces
 63273 | Orc:2    | Bought a scroll of teleportation for 45 gold pieces
 63273 | Orc:2    | Bought a scroll of magic mapping for 112 gold pieces
 63273 | Orc:2    | Bought a scroll of blinking for 112 gold pieces
 63421 | D:4      | Bought a scroll of enchant weapon for 105 gold pieces
 63448 | D:4      | Bought a scroll of blinking for 97 gold pieces
 63448 | D:4      | Bought a potion of lignification for 39 gold pieces
 63448 | D:4      | Bought a potion of mutation for 104 gold pieces
 63725 | Elf:3    | Bought a potion of mutation for 128 gold pieces
 63725 | Elf:3    | Bought a potion of mutation for 128 gold pieces
 63725 | Elf:3    | Bought a potion of cancellation for 128 gold pieces
 63725 | Elf:3    | Bought a potion of lignification for 48 gold pieces
 63778 | Elf:3    | Bought a potion of lignification for 57 gold pieces
 63778 | Elf:3    | Bought a potion of resistance for 190 gold pieces
 63778 | Elf:3    | Bought a potion of lignification for 57 gold pieces
 63778 | Elf:3    | Bought a potion of cancellation for 152 gold pieces
 63778 | Elf:3    | Bought 2 potions of haste for 380 gold pieces
 63851 | Orc:2    | Bought a potion of lignification for 39 gold pieces
 63967 | Lair:1   | Voluntarily entered the Abyss.
 63991 | Abyss:2  | Found a corrupted altar of Lugonu.
 63995 | Abyss:2  | Found a corrupted altar of Lugonu.
 63995 | Abyss:2  | Found a corrupted altar of Lugonu.
 64112 | Abyss:4  | Got an abyssal rune of Zot
 64140 | Abyss:4  | Paralysed by an air elemental for 1 turns
 64165 | Lair:1   | Escaped the Abyss
 64352 | Pan      | Entered Pandemonium
 64600 | Pan      | Gained mutation: You frequently scream uncontrollably at
                  | your foes. [a neqoxec]
 64700 | Pan      | Gained mutation: You sometimes lose your temper in combat.
                  | [a neqoxec]
 64862 | Pan      | Noticed Gavaapi the pandemonium lord
 64882 | Pan      | Killed Gavaapi the pandemonium lord
 65495 | Pan      | Found a runed translucent door.
 66063 | Pan      | Noticed Hygisafo the pandemonium lord
 66075 | Pan      | Killed Hygisafo the pandemonium lord
 66186 | Pan      | Found an exit through the horrors of the Abyss.
 66247 | Pan      | Noticed Woic the pandemonium lord
 66326 | Pan      | Killed Woic the pandemonium lord
 66631 | Pan      | Identified the +5 sling "Puoffeid" {elec, rPois rF+ Dex+2}
 66926 | Pan      | Gained mutation: You occasionally lose the ability to drink
                  | potions when taking damage. [a neqoxec]
 67002 | Pan      | Noticed Mennas
 67018 | Pan      | Killed Mennas
 67137 | Pan      | Identified the +0 leather armour of Paranoia {rPois rF+
                  | MP-9 Dex+5}
 67144 | Pan      | Identified the +5 quarterstaff of Ocsujin {venom, Fragile
                  | rC+ Will+ Stlth+}
 67187 | Pan      | Noticed Jihu the pandemonium lord
 67214 | Pan      | Killed Jihu the pandemonium lord
 67767 | Pan      | Noticed Fuewogem the pandemonium lord
 67796 | Pan      | Killed Fuewogem the pandemonium lord
 67810 | Pan      | Lost mutation: Your natural rate of healing is unusually
                  | fast. [a cacodemon]
 68031 | Pan      | Found an exit through the horrors of the Abyss.
 68563 | Pan      | Lost mutation: You are very agile. (Dex +8, Str/Int -2)
                  | [potion of mutation]
 68563 | Pan      | Lost mutation: You frequently scream uncontrollably at your
                  | foes. [potion of mutation]
 68563 | Pan      | Lost mutation: You are agile. (Dex +4, Str/Int -1) [potion
                  | of mutation]
 68563 | Pan      | Gained mutation: You are partially covered in large bone
                  | plates. (SH +4) [potion of mutation]
 68563 | Pan      | Lost mutation: You sometimes lose your temper in combat.
                  | [potion of mutation]
 68563 | Pan      | Gained mutation: Your flesh is heat resistant. (rF+)
                  | [potion of mutation]
 68564 | Pan      | Lost mutation: You are partially covered in large bone
                  | plates. (SH +4) [potion of mutation]
 68564 | Pan      | Lost mutation: Your flesh is heat resistant. (rF+) [potion
                  | of mutation]
 68564 | Pan      | Gained mutation: You have sharp toenails. [potion of
                  | mutation]
 68565 | Pan      | Lost mutation: Armour fits poorly on your strangely shaped
                  | body. [potion of mutation]
 68565 | Pan      | Lost mutation: You occasionally shout uncontrollably at
                  | your foes. [potion of mutation]
 68565 | Pan      | Lost mutation: You occasionally lose the ability to drink
                  | potions when taking damage. [potion of mutation]
 68565 | Pan      | Gained mutation: Potions are less effective at restoring
                  | your health. [potion of mutation]
 68565 | Pan      | Lost mutation: Potions are less effective at restoring your
                  | health. [potion of mutation]
 68565 | Pan      | Gained mutation: You passively dampen the noise of your
                  | surroundings. [potion of mutation]
 68813 | Pan      | Noticed Irir the pandemonium lord
 68820 | Pan      | Killed Irir the pandemonium lord
 68945 | Pan      | Found an exit through the horrors of the Abyss.
 69892 | Pan      | Noticed Xyephes the pandemonium lord
 69894 | Pan      | Gained mutation: You sometimes lose your temper in combat.
                  | [a cacodemon]
 69912 | Pan      | Killed Xyephes the pandemonium lord
 70287 | Pan      | Reached skill level 15 in Dodging
 70436 | Pan      | Identified the +2 glaive of Ymo Gidgh {flame, rN+ Str+6
                  | Dex-2 Stlth-}
 70556 | Pan      | Entered the realm of Gloorx Vloq.
 71468 | Pan      | Noticed Gloorx Vloq
 71515 | Pan      | Killed Gloorx Vloq
 71523 | Pan      | Got a dark rune of Zot
 71798 | Pan      | Entered the realm of Cerebov.
 71798 | Pan      | Found the +6 sword of Cerebov {flame}
 71798 | Pan      | Noticed Cerebov
 71824 | Pan      | Killed Cerebov
 71868 | Pan      | Identified the ring "Fiaduez" {Wiz Dex+3 SInv}
 71873 | Pan      | Identified the +9 flail "Aliongo" {pain, Str+4}
 71876 | Pan      | Identified the +4 rapier "Bumagi" {venom, rPois rC- Dex+7}
 71877 | Pan      | Identified the staff of fire "Gemuom" {*Slow rElec rF+
                  | Str+2 Int+2}
 71878 | Pan      | Identified the staff of earth "Myaproil" {rN+ Str+4 Int-4
                  | Stlth+}
 71901 | Pan      | Identified the +3 robe "Ehenafiff" {Str+3}
 71911 | Pan      | Identified the +6 rapier "Cyutecha" {flame, rCorr}
 72608 | Pan      | Identified the +1 leather armour "Reclas" {rF+}
 72621 | Pan      | Got a fiery rune of Zot
 72640 | Pan      | Identified the staff of cold "Hacay" {rElec rF+++ rC+ MP+9
                  | Dex-3}
 72800 | Pan      | Entered the realm of Mnoleg.
 72906 | Pan      | Found an exit through the horrors of the Abyss.
 73149 | Pan      | Gained mutation: You occasionally lose the ability to read
                  | scrolls when taking damage. [a neqoxec]
 73154 | Pan      | Gained mutation: You have an uncontrollable temper. [a
                  | neqoxec]
 73216 | Pan      | Gained mutation: You are dopey. (Int -2) [a neqoxec]
 73238 | Pan      | Noticed Mnoleg
 73279 | Pan      | Paralysed by a floating eye for 3 turns
 73281 | Pan      | HP: 5/193 [large abomination[Mnoleg] (36)]
 73284 | Pan      | Gained mutation: Your magical capacity is low. (-10% MP) [a
                  | neqoxec]
 73286 | Pan      | Gained mutation: Your body sometimes deteriorates upon
                  | taking damage. [a neqoxec]
 73287 | Pan      | Paralysed by a floating eye for 2 turns
 73290 | Pan      | Gained mutation: You have sharp fingernails. [a cacodemon]
 73297 | Pan      | Killed Mnoleg
 73298 | Pan      | Gained mutation: Your body often deteriorates upon taking
                  | damage. [a neqoxec]
 73493 | Pan      | Lost mutation: You have an uncontrollable temper. [potion
                  | of mutation]
 73493 | Pan      | Lost mutation: You sometimes lose your temper in combat.
                  | [potion of mutation]
 73493 | Pan      | Gained mutation: You are partially covered in large bone
                  | plates. (SH +4) [potion of mutation]
 73494 | Pan      | Lost mutation: You passively dampen the noise of your
                  | surroundings. [potion of mutation]
 73494 | Pan      | Lost mutation: You have sharp fingernails. [potion of
                  | mutation]
 73494 | Pan      | Gained mutation: You have sharp fingernails. [potion of
                  | mutation]
 73495 | Pan      | Lost mutation: You are dopey. (Int -2) [potion of mutation]
 73495 | Pan      | Lost mutation: You occasionally lose the ability to read
                  | scrolls when taking damage. [potion of mutation]
 73495 | Pan      | Lost mutation: You have sharp toenails. [potion of
                  | mutation]
 73495 | Pan      | Lost mutation: Your body often deteriorates upon taking
                  | damage. [potion of mutation]
 73823 | Pan      | Got a glowing rune of Zot
 73957 | Pan      | Found an exit through the horrors of the Abyss.
 74214 | Pan      | Noticed Luorhu Jug the pandemonium lord
 74221 | Pan      | Killed Luorhu Jug the pandemonium lord
 74265 | Pan      | Identified the +1 great mace "Pauck" {freeze, rF+ Str-2
                  | Stlth+}
 74845 | Pan      | Found an exit through the horrors of the Abyss.
 75033 | Pan      | Noticed Lisisoc the pandemonium lord
 75041 | Pan      | Killed Lisisoc the pandemonium lord
 75281 | Pan      | Found an exit through the horrors of the Abyss.
 75320 | Pan      | Noticed Saagaxia the pandemonium lord
 75354 | Pan      | Killed Saagaxia the pandemonium lord
 75590 | Pan      | Gained mutation: You are occasionally teleported next to
                  | monsters. [a cacodemon]
 75593 | Pan      | Gained mutation: Your body often deteriorates upon taking
                  | damage. [a cacodemon]
 75990 | Pan      | Entered the realm of Lom Lobon.
 76232 | Pan      | Noticed Lom Lobon
 76252 | Pan      | Killed Lom Lobon
 76269 | Pan      | Got a magical rune of Zot
 76727 | Pan      | Found an exit through the horrors of the Abyss.
 76760 | Pan      | Noticed Goditess the pandemonium lord
 76775 | Pan      | Killed Goditess the pandemonium lord
 77798 | Pan      | Noticed Xeseptohisk the pandemonium lord
 77808 | Pan      | Killed Xeseptohisk the pandemonium lord
 77847 | Pan      | Got a demonic rune of Zot
 78005 | Pan      | Acquired 623 gold pieces
 78138 | Pan      | Found an exit through the horrors of the Abyss.
 78936 | Pan      | Noticed Gaaczorch the pandemonium lord
 78949 | Pan      | Killed Gaaczorch the pandemonium lord
 78978 | Pan      | Identified the +1 cloak "Zoar" {rN+ Int+4}
 79005 | Pan      | Found a runed translucent door.
 79005 | Pan      | Found a runed translucent door.
 79006 | Pan      | Noticed Yzoxzeic the pandemonium lord
 79018 | Pan      | Killed Yzoxzeic the pandemonium lord
 79027 | Pan      | Found a runed translucent door.
 79055 | Pan      | Found a runed translucent door.
 79085 | Pan      | Gained mutation: You are often teleported next to monsters.
                  | [a cacodemon]
 79086 | Pan      | Gained mutation: You occasionally lose the ability to drink
                  | potions when taking damage. [a cacodemon]
 79198 | Pan      | Gained mutation: You do not regenerate when monsters are
                  | visible. [a cacodemon]
 79391 | Pan      | Found an exit through the horrors of the Abyss.
 79491 | Pan      | Identified the ring "Pefudeumn" {rF+ Slay+4}
 79543 | Pan      | Lost mutation: You do not regenerate when monsters are
                  | visible. [potion of mutation]
 79543 | Pan      | Lost mutation: You have sharp fingernails. [potion of
                  | mutation]
 79543 | Pan      | Gained mutation: Potions are less effective at restoring
                  | your health. [potion of mutation]
 79544 | Pan      | Lost mutation: Your magical capacity is low. (-10% MP)
                  | [potion of mutation]
 79544 | Pan      | Lost mutation: Your body often deteriorates upon taking
                  | damage. [potion of mutation]
 79544 | Pan      | Gained mutation: You possess an exceptional clarity of
                  | mind. [potion of mutation]
 79544 | Pan      | Gained mutation: Your skin changes colour to match your
                  | surroundings (Stealth+). [potion of mutation]
 79545 | Pan      | Lost mutation: Your body sometimes deteriorates upon taking
                  | damage. [potion of mutation]
 79545 | Pan      | Lost mutation: You are partially covered in large bone
                  | plates. (SH +4) [potion of mutation]
 79545 | Pan      | Gained mutation: You are dopey. (Int -2) [potion of
                  | mutation]
 79545 | Pan      | Gained mutation: You expend magic power (3 MP) to
                  | strengthen your wands. [potion of mutation]
 79546 | Pan      | Lost mutation: You possess an exceptional clarity of mind.
                  | [potion of mutation]
 79546 | Pan      | Lost mutation: You are dopey. (Int -2) [potion of mutation]
 79547 | Pan      | Lost mutation: You are often teleported next to monsters.
                  | [potion of mutation]
 79547 | Pan      | Lost mutation: You occasionally lose the ability to drink
                  | potions when taking damage. [potion of mutation]
 79547 | Pan      | Lost mutation: You expend magic power (3 MP) to strengthen
                  | your wands. [potion of mutation]
 79547 | Pan      | Gained mutation: You possess an exceptional clarity of
                  | mind. [potion of mutation]
 79547 | Pan      | Gained mutation: Your magical capacity is low. (-10% MP)
                  | [potion of mutation]
 79548 | Pan      | Lost mutation: Your magical capacity is low. (-10% MP)
                  | [potion of mutation]
 79548 | Pan      | Lost mutation: You are occasionally teleported next to
                  | monsters. [potion of mutation]
 79548 | Pan      | Lost mutation: You possess an exceptional clarity of mind.
                  | [potion of mutation]
 79548 | Pan      | Gained mutation: You are vulnerable to cold. (rC-) [potion
                  | of mutation]
 79548 | Pan      | Gained mutation: You possess an exceptional clarity of
                  | mind. [potion of mutation]
 79548 | Pan      | Gained mutation: You are agile. (Dex +4, Str/Int -1)
                  | [potion of mutation]
 79791 | Depths:2 | Escaped Pandemonium
 79887 | Hell     | Entered the Vestibule of Hell
 79887 | Hell     | Noticed Geryon
 79926 | Hell     | Reached skill level 27 in Maces & Flails
 79979 | Hell     | Killed Geryon
 80014 | Hell     | Reached skill level 27 in Shields
 80030 | Hell     | Noticed an ancient lich
 80056 | Hell     | Killed an ancient lich
 80152 | Hell     | Found a gateway to the freezing wastes of Cocytus.
 80303 | Hell     | Found a gateway to the Iron City of Dis.
 80358 | Hell     | Reached skill level 27 in Fighting
 80452 | Hell     | Found a gateway to the ashen valley of Gehenna.
 80495 | Hell     | Found a gateway to the decaying netherworld of Tartarus.
 80957 | Snake:2  | Bought a scroll of blinking for 315 gold pieces
 80957 | Snake:2  | Bought a potion of mutation for 336 gold pieces
 81328 | Geh:1    | Entered Level 1 of Gehenna
 81621 | Geh:4    | You are sucked into a shaft and drop 2 floors!
 81899 | Geh:7    | Entered Level 7 of Gehenna
 82212 | Geh:7    | Identified the +12 arbalest of Xom's Reproof {heavy, Contam
                  | rPois rCorr Str-4}
 82675 | Geh:7    | Identified the staff of fire "Bytwax" {rF+ rC+ Dex+5}
 82710 | Geh:7    | Found the +13 sceptre of Asmodeus
 82710 | Geh:7    | Noticed Asmodeus
 82751 | Geh:7    | Killed Asmodeus
 82766 | Geh:7    | Identified the +7 sling of Saxt {flame, rF+ Str+3 Dex-5}
 82803 | Geh:7    | Identified the ring "Disureu" {Contam rPois Dex+5 Slay+4
                  | Stlth+}
 82812 | Geh:7    | Identified the +4 long sword of the Heavens {speed, Str+3}
 82816 | Geh:7    | Got the Tome of Hapless Gusts
 82834 | Geh:7    | Got an obsidian rune of Zot
 82842 | Geh:7    | Identified the +11 morningstar of Conflict {antimagic,
                  | Dex+2}
 82843 | Geh:7    | Identified the +5 mace of Ytorumpomie {antimagic, +Blink
                  | Dex+3}
 83314 | Tar:1    | Entered Level 1 of Tartarus
 83648 | Tar:2    | You are sucked into a shaft and drop 2 floors!
 84539 | Tar:7    | Entered Level 7 of Tartarus
 85518 | Tar:7    | Reached skill level 1 in Stealth
 85618 | Tar:7    | Reached skill level 5 in Stealth
 85793 | Tar:7    | Reached skill level 10 in Stealth
 86086 | Tar:7    | Identified the ring of Loak {rElec rF+++ EV+5 Str-4 Int-3}
 86130 | Tar:7    | Noticed Ereshkigal
 86155 | Tar:7    | Killed Ereshkigal
 86259 | Tar:7    | Identified the staff of conjuration "Ynitex" {Fragile
                  | Str+5}
 86263 | Tar:7    | Got a bone rune of Zot
 86726 | Dis:1    | Entered Level 1 of the Iron City of Dis
 88058 | Dis:7    | Entered Level 7 of the Iron City of Dis
 89097 | Dis:7    | Reached skill level 27 in Invocations
 89402 | Dis:7    | Found the +8 demon blade "Leech" {evervamp, Harm Drain rN+}
 89434 | Dis:7    | Identified the amulet of Kedeby {Acrobat rN+ Regen+ Str+2}
 89457 | Dis:7    | Identified the +0 ring mail of the Beginning {*Corrode
                  | Str+6 Dex+4}
 89533 | Dis:7    | Got Xokk's Folio of the Retinue and the Geodesic
 89621 | Dis:7    | Found the +9 sword of Power {lifebolt}
 89657 | Dis:7    | Identified the +10 short sword of Yciador {vamp, rPois
                  | Int+2 Dex+3}
 89667 | Dis:7    | Identified the +10 hand axe of Propriety {venom, rPois}
 89828 | Dis:7    | Noticed Dispater
 89877 | Dis:7    | Killed Dispater
 90518 | Dis:7    | Got the Monograph on the Cooperative Dead
 90519 | Dis:7    | Identified the +2 leather armour of Hysteria {rCorr}
 90523 | Dis:7    | Got an iron rune of Zot
 90527 | Dis:7    | Identified the +9 mace "Ekkuibowk" {freeze, +Blink rF++
                  | rN+++ Str-5}
 90723 | Hell     | Lost mutation: Potions are less effective at restoring your
                  | health. [potion of mutation]
 90723 | Hell     | Lost mutation: You are vulnerable to cold. (rC-) [potion of
                  | mutation]
 90723 | Hell     | Lost mutation: You are agile. (Dex +4, Str/Int -1) [potion
                  | of mutation]
 90723 | Hell     | Gained mutation: Your mind is acute. (Int +4, Str/Dex -1)
                  | [potion of mutation]
 91093 | Coc:1    | Entered Level 1 of Cocytus
 91571 | Coc:3    | Paralysed by a wendigo for 1 turns
 91754 | Coc:4    | Paralysed by a wendigo for 1 turns
 91984 | Coc:5    | Paralysed by a wendigo for 1 turns
 91988 | Coc:5    | Paralysed by a wendigo for 1 turns
 91992 | Coc:5    | Paralysed by a wendigo for 1 turns
 92476 | Coc:7    | Entered Level 7 of Cocytus
 92476 | Coc:7    | Noticed an ancient lich
 92496 | Coc:7    | Killed an ancient lich
 92617 | Coc:7    | Noticed the Serpent of Hell
 92666 | Coc:7    | Killed the Serpent of Hell
 92911 | Coc:7    | Paralysed by a wendigo for 1 turns
 92988 | Coc:7    | Paralysed by a wendigo for 1 turns
 93120 | Coc:7    | Identified the ring of Kajouw {rPois Will+ Int+6}
 93120 | Coc:7    | Noticed Antaeus
 93142 | Coc:7    | Killed Antaeus
 93164 | Coc:7    | Got an icy rune of Zot
 93175 | Coc:7    | Identified the +3 arbalest "Failouroo" {heavy, rCorr}
 93448 | Coc:7    | Identified the staff of death "Lefuciv" {rN+ Will+}
 93451 | Coc:7    | Identified the staff of earth "Wejunall" {rC++ Int-3}
 93949 | Tomb:1   | Entered Level 1 of the Tomb of the Ancients
 94239 | Tomb:1   | Noticed a royal mummy
 94249 | Tomb:1   | Killed a royal mummy
 94286 | Tomb:1   | Noticed a royal mummy
 94290 | Tomb:1   | Killed a royal mummy
 94452 | Tomb:1   | Identified the +8 demon trident "Weofuw" {vamp, Fragile
                  | +Blink rPois rN+}
 94680 | Tomb:2   | Noticed a royal mummy
 94691 | Tomb:2   | Noticed a royal mummy
 94692 | Tomb:2   | Killed a royal mummy
 94695 | Tomb:2   | Noticed a royal mummy
 94697 | Tomb:2   | Noticed a royal mummy
 94704 | Tomb:2   | Killed a royal mummy
 94705 | Tomb:2   | Reached skill level 27 in Dodging
 94707 | Tomb:2   | Killed a royal mummy
 94708 | Tomb:2   | Killed a royal mummy
 94838 | Tomb:2   | Gained mutation: Armour fits poorly on your strangely
                  | shaped body. [mutagenic glow]
 94853 | Tomb:2   | Gained mutation: You occasionally lose the ability to drink
                  | potions when taking damage. [mutagenic glow]
 95423 | Tomb:2   | Noticed Boris
 95448 | Tomb:2   | Killed Boris
 95531 | Tomb:2   | Learned a level 3 spell: Frozen Ramparts
 95541 | Tomb:2   | Learned a level 9 spell: Chain Lightning
 95590 | Tomb:3   | Entered Level 3 of the Tomb of the Ancients
 95595 | Tomb:3   | Noticed a royal mummy
 95595 | Tomb:3   | Noticed a royal mummy
 95595 | Tomb:3   | Noticed a royal mummy
 95598 | Tomb:3   | Noticed a royal mummy
 95599 | Tomb:3   | Noticed a royal mummy
 95600 | Tomb:3   | Killed a royal mummy
 95601 | Tomb:3   | Reached skill level 15 in Spellcasting
 95601 | Tomb:3   | Killed a royal mummy
 95607 | Tomb:3   | Killed a royal mummy
 95607 | Tomb:3   | Noticed a royal mummy
 95609 | Tomb:3   | Killed a royal mummy
 95610 | Tomb:3   | Killed a royal mummy
 95612 | Tomb:3   | Killed a royal mummy
 95617 | Tomb:3   | Noticed a royal mummy
 95630 | Tomb:3   | Killed a royal mummy
 95631 | Tomb:3   | Reached skill level 15 in Stealth
 95732 | Tomb:3   | Got a golden rune of Zot
 95755 | Tomb:3   | Reached skill level 1 in Ice Magic
 95766 | Tomb:3   | Noticed a royal mummy
 95778 | Tomb:3   | Killed a royal mummy
 95779 | Tomb:3   | Reached skill level 15 in Conjurations
 95880 | Tomb:3   | Got the Lectures on Productive Sparks
 95926 | Tomb:3   | Identified the +5 shortbow of the Median {flame, rPois
                  | Will+ MP+9}
 95928 | Tomb:3   | Got the Grimoire of Heavy Ensorcelling
 95945 | Tomb:3   | Identified the amulet "Gerul" {rN+ Will- Regen+ Int+4}
 95950 | Tomb:3   | Identified the +4 demon whip of the Scorching Gods {flame,
                  | Dex+5 SInv}
 95951 | Tomb:3   | Identified the staff of fire "Ekikaref" {rF+ Int+4}
 95972 | Tomb:3   | Identified the +10 long sword of Seb Peng {freeze, rElec
                  | rC- Str+9 Dex-5}
 96032 | Tomb:3   | Identified the +1 flail of Seacotz {freeze, rC+ Dex+5}
 97091 | Zot:5    | Got the Orb of Zot
 97122 | Zot:5    | Noticed Roucoiz the pandemonium lord
 97129 | Zot:5    | Killed Roucoiz the pandemonium lord
 97408 | D:14     | Reached skill level 5 in Ice Magic
 97505 | D:10     | Noticed Qugroad the pandemonium lord
 97517 | D:10     | Killed Qugroad the pandemonium lord
 97544 | D:10     | Noticed Cecourr the pandemonium lord
 97557 | D:10     | Killed Cecourr the pandemonium lord
 97626 | D:6      | Noticed Rogero the pandemonium lord
 97643 | D:6      | Killed Rogero the pandemonium lord
 97810 | D:1      | Lost mutation: You occasionally lose the ability to drink
                  | potions when taking damage. [potion of mutation]
 97810 | D:1      | Lost mutation: Your skin changes colour to match your
                  | surroundings (Stealth+). [potion of mutation]
 97810 | D:1      | Lost mutation: Your mind is acute. (Int +4, Str/Dex -1)
                  | [potion of mutation]
 97810 | D:1      | Gained mutation: You are agile. (Dex +4, Str/Int -1)
                  | [potion of mutation]
 97810 | D:1      | Gained mutation: You have hidden genetic potential. [potion
                  | of mutation]
 97811 | D:1      | Lost mutation: You are agile. (Dex +4, Str/Int -1) [potion
                  | of mutation]
 97811 | D:1      | Lost mutation: You have hidden genetic potential. [potion
                  | of mutation]
 97811 | D:1      | Lost mutation: Armour fits poorly on your strangely shaped
                  | body. [potion of mutation]
 97811 | D:1      | Gained mutation: You are partially covered in iridescent
                  | scales. (AC +2) [potion of mutation]
 97811 | D:1      | Gained mutation: You occasionally lose the ability to drink
                  | potions when taking damage. [potion of mutation]
 97813 | D:$      | Escaped with the Orb!

Illustrated notes

Levels and vault maps discovered:
D:1:      dpeg_arrival_renting, layout_loops_ring
D:2:      layout_loops_cross
D:3:      layout_basic, doesnt_xom_only_xom, fedhas_altar_2,
          ashenzari_conservatory_becter, minmay_misc_feat_enclosed,
          minmay_misc_feat_chi, roderic_batcave
D:4:      layout_rooms, mainiacjoe_overflow_small_starburst,
          nicolae_qazlal_scattered_showers, nemelex_dance_club_becter,
          serial_shops, nicolae_shop_tiny_glass, nicolae_shop_advertising_works
          [nicolae_subvault_shop_adworks], nicolae_shop_tiny_real_fake_doors,
          shop
D:5:      layout_cave_pools, nicolae_gozag_seed_capital
D:6:      layout_gridville, minmay_hedge_maze
D:7:      layout_loops_ring, elyvilon_altar_5,
          minmay_temple_entry_statues_fountains, ebering_ghost_xom
D:8:      layout_basic
D:9:      layout_stronghold, nicolae_dithmenos_through_a_glass_darkly,
          okawaru_ov_weapons_minmay, uniq_harold
D:10:     layout_cave_pools, amcnicky_altar_gilded, uniq_lodul
D:11:     cheibrodos_ideogram_h, layout_gridville, lair_entry_dummy,
          ebering_ghost_rock_garden, uniq_snorg
D:12:     hellmonk_crumbling_castle, layout_cross
D:13:     layout_loops_corners, lightli_vaults_fourway_checkpoint
D:14:     kennysheep_ambush_hall, layout_basic, minmay_misc_feat_cross
D:15:     gammafunk_depths_entry_grave, layout_basic, minmay_misc_feat_pillars
Temple:   nicolae_temple_ecumenical_triangle
Lair:1:   layout_hall_layers, gammafunk_ghost_abyssal_escape,
          serial_bayou_shore_b
Lair:2:   dreamdust_cave_troll, layout_long_grid, minmay_shoals_entry_beasts,
          gauntlet_entry_generic, serial_bayou_pond_b, serial_bayou_shore_b,
          uniq_fannar
Lair:3:   layout_loops_ring, minmay_snake_entry_spellcaster, grunt_megastairs_5
Lair:4:   gammafunk_boulding_lane, layout_regular_city
Lair:5:   hangedman_lair_in_review, layout_loops_ring, slime_entry_1,
          serial_bayou_crossing
Shoals:1: layout_shoals, nicolae_shoals_enchanted_isle, uniq_roxanne
Shoals:2: layout_shoals, argonaut_gorgonesque
Shoals:3: layout_shoals, nicolae_take_the_stairs, nicolae_splish_splash
Shoals:4: shoals_end_simple, layout_shoals, nicolae_shoals_drake_roost,
          uniq_mlioglotl
Snake:1:  layout_onion, uniq_kirke
Snake:2:  layout_misc_corridors, serial_shops, nicolae_diamond_shop,
          grunt_ministairs_6, serial_bayou_shore_a, minmay_shoptagon,
          serial_bayou_shore_b
Snake:3:  layout_basic, hangedman_snake_thin_pillar_pass
Snake:4:  grunt_snake_rune_pools, layout_rooms, uniq_bai_suzhen
Slime:1:  nicolae_slime_jelly_donut, layout_caves
Slime:2:  layout_caves
Slime:3:  cheibrodos_slime_lost_civilization_3, layout_caves
Slime:4:  layout_caves, basic_altar, nicolae_slime_welcoming_committee
Slime:5
Orc:1:    layout_caves, nicolae_volcano_entry_lava_flow, mines_bat_river
Orc:2:    st_orc_ogre_mass, layout_caves, basic_altar, special_room,
          guppyfry_orc_lava_fort, uniq_donald, uniq_nessos, uniq_sonja
Elf:1:    eino_elf_arrival_altar, layout_loops_corners, evilmike_minifort,
          lemuel_upstairs_altar
Elf:2:    nicolae_elf_blades_crystal_corner, layout_loops_corners, uniq_azrael
Elf:3:    grunt_elf_hall_spiral, layout_loops_corners, serial_shops,
          nicolae_shop_competitors_out_of_business,
          nicolae_shop_pleasant_corner_grove, nicolae_shop_rolled_up,
          serial_sigils_hangedman_snap, item_on_display_a
Vaults:1: mu_enter_wizlab_4, v_rooms_1, vaults_room_grunt_arrival_checkpoint,
          v_misc_23, nicolae_vaults_lightning_bolt,
          nicolae_vaults_surprise_closet_hard, hangedman_vaults_restitches,
          nicolae_vaults_mini_display_case, nicolae_vaults_sesquioval_fish,
          vaults_room_grunt_arrival_ludios, layout_vaults_omnibox
Vaults:2: nicolae_vaults_little_squares_5, nicolae_vaults_tetromino_L_1,
          v_pattern_3, nicolae_vaults_tangram_2, v_alt_pattern_3,
          vaults_room_grid, nicolae_vaults_six-pack,
          nicolae_vaults_antechamber_and_loot_room, grunt_vaults_hallway_short,
          layout_vaults_omnigrid
Vaults:3: hangedman_vaults_nodes, nicolae_vaults_tetromino_L_1,
          hangedman_vaults_hard_town_square, nicolae_vaults_steering_wheel,
          minmay_crypt_entry_simple_corners, nicolae_vaults_six-pack,
          nicolae_vaults_trapezoid_2, nicolae_vaults_layer_cake_slice,
          nicolae_vaults_double_plus_3, vaults_room_fours,
          nicolae_vaults_border_crossing, nicolae_vaults_tetromino_Z_1,
          nicolae_vaults_asterisk, nicolae_vaults_six-pack,
          layout_vaults_omnicross, uniq_zenata, uniq_boris, uniq_nikola,
          uniq_margery
Vaults:4: nicolae_vaults_offset_grid_hallway_1, gammafunk_sealed_arena,
          vaults_room_door_hall, nicolae_vaults_offset_grid_hallway_3,
          nicolae_vaults_trapezoid_lopsided_1,
          vaults_standard_mumra_enter_the_diamond, hangedman_vaults_unwind,
          hangedman_vaults_snaps, v_rooms_3, nicolae_vaults_little_squares_5,
          nicolae_vaults_alarming, nicolae_vaults_variable_pillar_hall,
          nicolae_vaults_diamond_2, layout_vaults_ring, uniq_saint_roka
Vaults:5: serial_shops
Crypt:1:  layout_chaotic_city, minivault_5
Crypt:2:  layout_rooms, nicolae_crypt_little_mausoleum
Crypt:3:  due_elkab, layout_chaotic_city, tomb_entry_shell_bobbens,
          lemuel_statue_altar, nicolae_crypt_ancient_font, uniq_grunn
Tomb:1
Tomb:2
Tomb:3
Depths:1: layout_gridville, grunt_hell_entry_dis_mu, minmay_misc_feat_rugged,
          hangedman_decor_riveting, minmay_the_grid_2x2 [minmay_the_grid_eight,
          minmay_the_grid_dragon_b, minmay_the_grid_spin_star,
          minmay_the_grid_prize_four_corners]
Depths:2: minmay_inner_zag, layout_basic, enter_ziggurat_f, pan_entry,
          pf_hell_entry_tar_spiral, infiniplex_staircase_pillars_1
Depths:3: constructs_gauntlet_mu_hangedman, layout_cave_pools, hell_entry,
          serial_shops, nicolae_square_shop, abyss_entry_crystal,
          chequers_serial_rivers_room_a, grunt_ministairs_12,
          minmay_misc_feat_four_crosses, kennysheep_generic_room_12, uniq_jory,
          uniq_josephina, uniq_frederick
Depths:4: grunt_zot_entry_gee_three, layout_gridlike, hell_entry, serial_rivers,
          chequers_serial_rivers_small_3, chequers_serial_rivers_small_3,
          chequers_serial_rivers_room_a, chequers_serial_rivers_large_a,
          abyss_entry, st_stairs_7, amcnicky_mini_pool_medium,
          serial_bayou_shore_b
Hell
Dis:1:    layout_subdivisions
Dis:2:    layout_gridville
Dis:3:    layout_gridville
Dis:4:    layout_gridville, nicolae_hells_fiendish_ambush
Dis:5:    layout_gridville
Dis:6:    layout_subdivisions, nicolae_dis_grated_feature
Dis:7:    iron_city_of_dis [dis_mu, dis_wall_5], layout_gridville,
          nicolae_dis_metal_lava_thing
Geh:1:    layout_gehenna_lava_caves
Geh:2:    layout_gehenna_lava_caves
Geh:3:    layout_gehenna_lava_caves
Geh:4:    layout_gehenna_pools_box
Geh:6:    layout_gehenna_lava_caves
Geh:7:    geh_mu
Coc:1:    layout_cocytus_delve
Coc:2:    layout_ice_bergs
Coc:3:    layout_cocytus_delve
Coc:4:    layout_cocytus_water_paths
Coc:5:    layout_cocytus_water_paths
Coc:6:    layout_cocytus_water_paths
Coc:7:    coc_grunt
Tar:1:    layout_catacombs
Tar:2:    nicolae_tar_funeral_procession, layout_cathedral_of_symmetry
Tar:4:    layout_cathedral_of_symmetry, nicolae_tar_stay_or_leave
Tar:5:    layout_catacombs
Tar:6:    layout_grid_maze, nicolae_tar_combbox
Tar:7:    tar_minmay_river
Zot:1:    hellmonk_paralyzer, layout_gridlike
Zot:2:    layout_concentric_octagons, grunt_megastairs_1
Zot:3:    layout_basic, st_stairs_10, lemuel_baited_zot_trap,
          grunt_ministairs_15
Zot:4:    layout_concentric_octagons, hangedman_elemental_corridor
Zot:5:    layout_misc_corridors, hangedman_zot_diagonal_lockstep

Skill      XL: |  1  2  3  4  5  6  7  8  9 10 11 12 13 14 15 16 17 18 19 20 21 22 23 24 25 26 27 |
---------------+----------------------------------------------------------------------------------+-----
Maces & Flails | 3 4 5 6 7 9 11 13 14 15 16 17 18 19 27 | 27.0
Fighting       | 4 5 6 7 9 11 12 13 15 16 17 18 19 20 21 22 27 | 27.0
Armour         | 6 9 10 11 13 15 17 18 19 20 21 27 | 27.0
Shields        | 6 8 11 14 15 17 18 19 20 21 27 | 27.0
Invocations    | 4 10 12 13 14 16 18 20 27 | 27.0
Dodging        | 3 7 10 27 | 27.0
Spellcasting   | 10 12 16 | 16.0
Conjurations   | 12 13 15 | 15.8
Earth Magic    | 9 11 14 | 14.4
Stealth        | 15 | 15.5
Ice Magic      | 6 |  6.6

Action                     |  1- 3 |  4- 6 |  7- 9 | 10-12 | 13-15 | 16-18 | 19-21 | 22-24 | 25-27 || total
---------------------------+-------+-------+-------+-------+-------+-------+-------+-------+-------++-------
  Melee: Flail             |   115 |   182 |   302 |    83 |       |       |       |       |       ||   682
         Mace              |       |       |       |   465 |  1720 |  2051 |    63 |       |       ||  4299
         Eveningstar       |       |       |       |       |       |       |  1451 |  1221 |  3268 ||  5940
         Sacred scourge    |       |       |       |       |       |       |       |       |  7105 ||  7105
  Throw: Dart              |       |     3 |     9 |    22 |       |       |       |       |       ||    34
         Boomerang         |       |       |     6 |    16 |       |       |       |       |       ||    22
         Throwing net      |       |       |       |     2 |       |       |       |       |       ||     2
         Javelin           |       |       |       |       |     3 |       |       |       |     1 ||     4
   Cast: Hailstorm         |       |       |       |       |       |       |       |       |     1 ||     1
 Invoke: Divine Shield     |       |       |       |     2 |     6 |     8 |     5 |     5 |    64 ||    90
         Cleansing Flame   |       |       |       |       |     7 |    20 |    18 |    16 |   175 ||   236
         Summon Divine War |       |       |       |       |     1 |       |       |       |    11 ||    12
  Evoke: Wand              |       |       |       |     2 |       |       |       |       |     8 ||    10
    Use: Scroll            |       |    11 |     7 |    10 |    10 |     3 |    15 |     3 |    61 ||   120
         Potion            |       |       |     4 |     4 |     4 |     3 |     8 |     3 |    53 ||    79
 Armour: Scale mail        |    25 |       |       |       |       |       |       |       |       ||    25
         Chain mail        |    53 |    98 |       |       |       |       |       |       |       ||   151
         Ice dragon scales |       |    65 |    40 |       |       |       |       |       |       ||   105
         Plate armour      |       |       |   163 |   409 |  1302 |  1247 |    44 |       |       ||  3165
         Gold dragon scale |       |       |       |       |       |       |   921 |   582 |  3867 ||  5370
         Skin              |       |       |       |       |       |       |       |       |    68 ||    68
  Dodge: Dodged            |    45 |   101 |   129 |   154 |   349 |   320 |   214 |   156 |  2029 ||  3497
  Block: Buckler           |    21 |    43 |    59 |   124 |       |       |       |       |       ||   247
         Tower shield      |       |       |       |     9 |  1632 |  1241 |  1466 |  1013 | 10158 || 15519
         Kite shield       |       |       |       |       |       |   613 |       |       |       ||   613
         Reflection        |       |       |       |       |       |   102 |   109 |    35 |   180 ||   426
